Workbook

Sheet Lists
A1: Transaction Types | C1: YesNo
A2: Drawing / Loan advance | C2: Yes
A3: Company-paid personal expense | C3: No
A4: Repayment by director
A5: Dividend paid
A6: Salary/Bonus paid
A7: Expense reimbursement to director
A8: Interest charged to director
A9: Interest paid by director
A10: Write-off (treated as dividend)

Sheet Inputs
B2: Company name | E2: s455 rate | F2: 0.3375
B3: Registered number | E3: P11D Official Rate of Interest | F3: 0
B4: Accounting period start | C4: 06/04/2025 | E4: BIK threshold (loan exceeds) | F4: 10000
B5: Accounting period end | C5: 05/04/2026
B7: Tax year start (for P11D) | C7: 06/04/2025
B8: Tax year end | C8: =DATE(YEAR(C7)+1,4,5)
B10: Notes
B11: Positive amounts increase an overdrawn DLA (director owes company). Negative amounts reduce it (repayments, interest paid, dividends set-off, etc.).

Sheet Directors
A1: Director name | B1: Opening balance at AP start (overdrawn +) | C1: Notes

Sheet Ledger
A1: Date | B1: Director | C1: Type | D1: Description / Ref | E1: Amount (£) | F1: Month End
F2: =EOMONTH(A2,0)
F3: =EOMONTH(A3,0)
F4: =EOMONTH(A4,0)
F5: =EOMONTH(A5,0)
F6: =EOMONTH(A6,0)
F7: =EOMONTH(A7,0)
F8: =EOMONTH(A8,0)
F9: =EOMONTH(A9,0)
F10: =EOMONTH(A10,0)
F11: =EOMONTH(A11,0)
F12: =EOMONTH(A12,0)
F13: =EOMONTH(A13,0)
... F2001: =EOMONTH(A2001,0)

Sheet Summary_AP
B2: Director’s Loan – Accounting Period Summary
B4: AP start | C4: =Inputs!C4 | E4: s455 relief window ends | F4: =EDATE(Inputs!C5,9)+1
B5: AP end | C5: =Inputs!C5
B6: s455 rate | C6: =Inputs!F2
B8: Director | C8: Opening at AP start | D8: Movements in AP | E8: Closing at AP end | F8: s455 base (max 0) | G8: s455 charge | H8: Repayments after AP (to relief window) | I8: Potential relief credit
B9: =IF(Directors!A2<>"",Directors!A2,"") | C9: =IF(B9="","",IFERROR(INDEX(Directors!B:B,MATCH(B9,Directors!A:A,0)),0)) | D9: =IF(B9="","",SUMIFS(Ledger!E:E,Ledger!B:B,B9,Ledger!A:A,">="&$C$4,Ledger!A:A,"<="&$C$5)) | E9: =IF(B9="","",C9+D9) | F9: =IF(B9="","",MAX(0,E9)) | G9: =IF(B9="","",F9*$C$6) | H9: =IF(B9="","",-MIN(0,SUMIFS(Ledger!E:E,Ledger!B:B,B9,Ledger!A:A,">"&$C$5,Ledger!A:A,"<="&$F$4))) | I9: =IF(B9="","",MIN(G9,F9)*$C$6)
B10: =IF(Directors!A3<>"",Directors!A3,"") | C10: =IF(B10="","",IFERROR(INDEX(Directors!B:B,MATCH(B10,Directors!A:A,0)),0)) | D10: =IF(B10="","",SUMIFS(Ledger!E:E,Ledger!B:B,B10,Ledger!A:A,">="&$C$4,Ledger!A:A,"<="&$C$5)) | E10: =IF(B10="","",C10+D10) | F10: =IF(B10="","",MAX(0,E10)) | G10: =IF(B10="","",F10*$C$6) | H10: =IF(B10="","",-MIN(0,SUMIFS(Ledger!E:E,Ledger!B:B,B10,Ledger!A:A,">"&$C$5,Ledger!A:A,"<="&$F$4))) | I10: =IF(B10="","",MIN(G10,F10)*$C$6)
B11: =IF(Directors!A4<>"",Directors!A4,"") | C11: =IF(B11="","",IFERROR(INDEX(Directors!B:B,MATCH(B11,Directors!A:A,0)),0)) | D11: =IF(B11="","",SUMIFS(Ledger!E:E,Ledger!B:B,B11,Ledger!A:A,">="&$C$4,Ledger!A:A,"<="&$C$5)) | E11: =IF(B11="","",C11+D11) | F11: =IF(B11="","",MAX(0,E11)) | G11: =IF(B11="","",F11*$C$6) | H11: =IF(B11="","",-MIN(0,SUMIFS(Ledger!E:E,Ledger!B:B,B11,Ledger!A:A,">"&$C$5,Ledger!A:A,"<="&$F$4))) | I11: =IF(B11="","",MIN(G11,F11)*$C$6)
B12: Notes: | C12: =IF(B12="","",IFERROR(INDEX(Directors!B:B,MATCH(B12,Directors!A:A,0)),0)) | D12: =IF(B12="","",SUMIFS(Ledger!E:E,Ledger!B:B,B12,Ledger!A:A,">="&$C$4,Ledger!A:A,"<="&$C$5)) | E12: =IF(B12="","",C12+D12) | F12: =IF(B12="","",MAX(0,E12)) | G12: =IF(B12="","",F12*$C$6) | H12: =IF(B12="","",-MIN(0,SUMIFS(Ledger!E:E,Ledger!B:B,B12,Ledger!A:A,">"&$C$5,Ledger!A:A,"<="&$F$4))) | I12: =IF(B12="","",MIN(G12,F12)*$C$6)
B13: s455 is charged on loans to participators outstanding at the AP end which remain unpaid 9 months + 1 day after the period end (anti-avoidance may apply to bed & breakfasting). | C13: =IF(B13="","",IFERROR(INDEX(Directors!B:B,MATCH(B13,Directors!A:A,0)),0)) | D13: =IF(B13="","",SUMIFS(Ledger!E:E,Ledger!B:B,B13,Ledger!A:A,">="&$C$4,Ledger!A:A,"<="&$C$5)) | E13: =IF(B13="","",C13+D13) | F13: =IF(B13="","",MAX(0,E13)) | G13: =IF(B13="","",F13*$C$6) | H13: =IF(B13="","",-MIN(0,SUMIFS(Ledger!E:E,Ledger!B:B,B13,Ledger!A:A,">"&$C$5,Ledger!A:A,"<="&$F$4))) | I13: =IF(B13="","",MIN(G13,F13)*$C$6)
B14: This schedule estimates potential relief based on repayments after AP end; review actual CT600A entries and dates. | C14: =IF(B14="","",IFERROR(INDEX(Directors!B:B,MATCH(B14,Directors!A:A,0)),0)) | D14: =IF(B14="","",SUMIFS(Ledger!E:E,Ledger!B:B,B14,Ledger!A:A,">="&$C$4,Ledger!A:A,"<="&$C$5)) | E14: =IF(B14="","",C14+D14) | F14: =IF(B14="","",MAX(0,E14)) | G14: =IF(B14="","",F14*$C$6) | H14: =IF(B14="","",-MIN(0,SUMIFS(Ledger!E:E,Ledger!B:B,B14,Ledger!A:A,">"&$C$5,Ledger!A:A,"<="&$F$4))) | I14: =IF(B14="","",MIN(G14,F14)*$C$6)
B15: =IF(Directors!A8<>"",Directors!A8,"") | C15: =IF(B15="","",IFERROR(INDEX(Directors!B:B,MATCH(B15,Directors!A:A,0)),0)) | D15: =IF(B15="","",SUMIFS(Ledger!E:E,Ledger!B:B,B15,Ledger!A:A,">="&$C$4,Ledger!A:A,"<="&$C$5)) | E15: =IF(B15="","",C15+D15) | F15: =IF(B15="","",MAX(0,E15)) | G15: =IF(B15="","",F15*$C$6) | H15: =IF(B15="","",-MIN(0,SUMIFS(Ledger!E:E,Ledger!B:B,B15,Ledger!A:A,">"&$C$5,Ledger!A:A,"<="&$F$4))) | I15: =IF(B15="","",MIN(G15,F15)*$C$6)
B16: =IF(Directors!A9<>"",Directors!A9,"") | C16: =IF(B16="","",IFERROR(INDEX(Directors!B:B,MATCH(B16,Directors!A:A,0)),0)) | D16: =IF(B16="","",SUMIFS(Ledger!E:E,Ledger!B:B,B16,Ledger!A:A,">="&$C$4,Ledger!A:A,"<="&$C$5)) | E16: =IF(B16="","",C16+D16) | F16: =IF(B16="","",MAX(0,E16)) | G16: =IF(B16="","",F16*$C$6) | H16: =IF(B16="","",-MIN(0,SUMIFS(Ledger!E:E,Ledger!B:B,B16,Ledger!A:A,">"&$C$5,Ledger!A:A,"<="&$F$4))) | I16: =IF(B16="","",MIN(G16,F16)*$C$6)
B17: =IF(Directors!A10<>"",Directors!A10,"") | C17: =IF(B17="","",IFERROR(INDEX(Directors!B:B,MATCH(B17,Directors!A:A,0)),0)) | D17: =IF(B17="","",SUMIFS(Ledger!E:E,Ledger!B:B,B17,Ledger!A:A,">="&$C$4,Ledger!A:A,"<="&$C$5)) | E17: =IF(B17="","",C17+D17) | F17: =IF(B17="","",MAX(0,E17)) | G17: =IF(B17="","",F17*$C$6) | H17: =IF(B17="","",-MIN(0,SUMIFS(Ledger!E:E,Ledger!B:B,B17,Ledger!A:A,">"&$C$5,Ledger!A:A,"<="&$F$4))) | I17: =IF(B17="","",MIN(G17,F17)*$C$6)
B18: =IF(Directors!A11<>"",Directors!A11,"") | C18: =IF(B18="","",IFERROR(INDEX(Directors!B:B,MATCH(B18,Directors!A:A,0)),0)) | D18: =IF(B18="","",SUMIFS(Ledger!E:E,Ledger!B:B,B18,Ledger!A:A,">="&$C$4,Ledger!A:A,"<="&$C$5)) | E18: =IF(B18="","",C18+D18) | F18: =IF(B18="","",MAX(0,E18)) | G18: =IF(B18="","",F18*$C$6) | H18: =IF(B18="","",-MIN(0,SUMIFS(Ledger!E:E,Ledger!B:B,B18,Ledger!A:A,">"&$C$5,Ledger!A:A,"<="&$F$4))) | I18: =IF(B18="","",MIN(G18,F18)*$C$6)
B19: =IF(Directors!A12<>"",Directors!A12,"") | C19: =IF(B19="","",IFERROR(INDEX(Directors!B:B,MATCH(B19,Directors!A:A,0)),0)) | D19: =IF(B19="","",SUMIFS(Ledger!E:E,Ledger!B:B,B19,Ledger!A:A,">="&$C$4,Ledger!A:A,"<="&$C$5)) | E19: =IF(B19="","",C19+D19) | F19: =IF(B19="","",MAX(0,E19)) | G19: =IF(B19="","",F19*$C$6) | H19: =IF(B19="","",-MIN(0,SUMIFS(Ledger!E:E,Ledger!B:B,B19,Ledger!A:A,">"&$C$5,Ledger!A:A,"<="&$F$4))) | I19: =IF(B19="","",MIN(G19,F19)*$C$6)
B20: =IF(Directors!A13<>"",Directors!A13,"") | C20: =IF(B20="","",IFERROR(INDEX(Directors!B:B,MATCH(B20,Directors!A:A,0)),0)) | D20: =IF(B20="","",SUMIFS(Ledger!E:E,Ledger!B:B,B20,Ledger!A:A,">="&$C$4,Ledger!A:A,"<="&$C$5)) | E20: =IF(B20="","",C20+D20) | F20: =IF(B20="","",MAX(0,E20)) | G20: =IF(B20="","",F20*$C$6) | H20: =IF(B20="","",-MIN(0,SUMIFS(Ledger!E:E,Ledger!B:B,B20,Ledger!A:A,">"&$C$5,Ledger!A:A,"<="&$F$4))) | I20: =IF(B20="","",MIN(G20,F20)*$C$6)
B21: =IF(Directors!A14<>"",Directors!A14,"") | C21: =IF(B21="","",IFERROR(INDEX(Directors!B:B,MATCH(B21,Directors!A:A,0)),0)) | D21: =IF(B21="","",SUMIFS(Ledger!E:E,Ledger!B:B,B21,Ledger!A:A,">="&$C$4,Ledger!A:A,"<="&$C$5)) | E21: =IF(B21="","",C21+D21) | F21: =IF(B21="","",MAX(0,E21)) | G21: =IF(B21="","",F21*$C$6) | H21: =IF(B21="","",-MIN(0,SUMIFS(Ledger!E:E,Ledger!B:B,B21,Ledger!A:A,">"&$C$5,Ledger!A:A,"<="&$F$4))) | I21: =IF(B21="","",MIN(G21,F21)*$C$6)
B22: =IF(Directors!A15<>"",Directors!A15,"") | C22: =IF(B22="","",IFERROR(INDEX(Directors!B:B,MATCH(B22,Directors!A:A,0)),0)) | D22: =IF(B22="","",SUMIFS(Ledger!E:E,Ledger!B:B,B22,Ledger!A:A,">="&$C$4,Ledger!A:A,"<="&$C$5)) | E22: =IF(B22="","",C22+D22) | F22: =IF(B22="","",MAX(0,E22)) | G22: =IF(B22="","",F22*$C$6) | H22: =IF(B22="","",-MIN(0,SUMIFS(Ledger!E:E,Ledger!B:B,B22,Ledger!A:A,">"&$C$5,Ledger!A:A,"<="&$F$4))) | I22: =IF(B22="","",MIN(G22,F22)*$C$6)
B23: =IF(Directors!A16<>"",Directors!A16,"") | C23: =IF(B23="","",IFERROR(INDEX(Directors!B:B,MATCH(B23,Directors!A:A,0)),0)) | D23: =IF(B23="","",SUMIFS(Ledger!E:E,Ledger!B:B,B23,Ledger!A:A,">="&$C$4,Ledger!A:A,"<="&$C$5)) | E23: =IF(B23="","",C23+D23) | F23: =IF(B23="","",MAX(0,E23)) | G23: =IF(B23="","",F23*$C$6) | H23: =IF(B23="","",-MIN(0,SUMIFS(Ledger!E:E,Ledger!B:B,B23,Ledger!A:A,">"&$C$5,Ledger!A:A,"<="&$F$4))) | I23: =IF(B23="","",MIN(G23,F23)*$C$6)
B24: =IF(Directors!A17<>"",Directors!A17,"") | C24: =IF(B24="","",IFERROR(INDEX(Directors!B:B,MATCH(B24,Directors!A:A,0)),0)) | D24: =IF(B24="","",SUMIFS(Ledger!E:E,Ledger!B:B,B24,Ledger!A:A,">="&$C$4,Ledger!A:A,"<="&$C$5)) | E24: =IF(B24="","",C24+D24) | F24: =IF(B24="","",MAX(0,E24)) | G24: =IF(B24="","",F24*$C$6) | H24: =IF(B24="","",-MIN(0,SUMIFS(Ledger!E:E,Ledger!B:B,B24,Ledger!A:A,">"&$C$5,Ledger!A:A,"<="&$F$4))) | I24: =IF(B24="","",MIN(G24,F24)*$C$6)
B25: =IF(Directors!A18<>"",Directors!A18,"") | C25: =IF(B25="","",IFERROR(INDEX(Directors!B:B,MATCH(B25,Directors!A:A,0)),0)) | D25: =IF(B25="","",SUMIFS(Ledger!E:E,Ledger!B:B,B25,Ledger!A:A,">="&$C$4,Ledger!A:A,"<="&$C$5)) | E25: =IF(B25="","",C25+D25) | F25: =IF(B25="","",MAX(0,E25)) | G25: =IF(B25="","",F25*$C$6) | H25: =IF(B25="","",-MIN(0,SUMIFS(Ledger!E:E,Ledger!B:B,B25,Ledger!A:A,">"&$C$5,Ledger!A:A,"<="&$F$4))) | I25: =IF(B25="","",MIN(G25,F25)*$C$6)
B26: =IF(Directors!A19<>"",Directors!A19,"") | C26: =IF(B26="","",IFERROR(INDEX(Directors!B:B,MATCH(B26,Directors!A:A,0)),0)) | D26: =IF(B26="","",SUMIFS(Ledger!E:E,Ledger!B:B,B26,Ledger!A:A,">="&$C$4,Ledger!A:A,"<="&$C$5)) | E26: =IF(B26="","",C26+D26) | F26: =IF(B26="","",MAX(0,E26)) | G26: =IF(B26="","",F26*$C$6) | H26: =IF(B26="","",-MIN(0,SUMIFS(Ledger!E:E,Ledger!B:B,B26,Ledger!A:A,">"&$C$5,Ledger!A:A,"<="&$F$4))) | I26: =IF(B26="","",MIN(G26,F26)*$C$6)
... B58: =IF(Directors!A51<>"",Directors!A51,"") | C58: =IF(B58="","",IFERROR(INDEX(Directors!B:B,MATCH(B58,Directors!A:A,0)),0)) | D58: =IF(B58="","",SUMIFS(Ledger!E:E,Ledger!B:B,B58,Ledger!A:A,">="&$C$4,Ledger!A:A,"<="&$C$5)) | E58: =IF(B58="","",C58+D58) | F58: =IF(B58="","",MAX(0,E58)) | G58: =IF(B58="","",F58*$C$6) | H58: =IF(B58="","",-MIN(0,SUMIFS(Ledger!E:E,Ledger!B:B,B58,Ledger!A:A,">"&$C$5,Ledger!A:A,"<="&$F$4))) | I58: =IF(B58="","",MIN(G58,F58)*$C$6)
B59: TOTALS | C59: =SUM(C9:C58) | D59: =SUM(D9:D58) | E59: =SUM(E9:E58) | F59: =SUM(F9:F58) | G59: =SUM(G9:G58) | H59: =SUM(H9:H58) | I59: =SUM(I9:I58)

Sheet P11D_BIK
B2: Cheap Loan Benefit (P11D) — Helper
B4: Tax year start | C4: =Inputs!C7 | E4: Official rate | F4: =Inputs!F3
B5: Tax year end | C5: =Inputs!C8 | E5: BIK threshold | F5: =Inputs!F4
B6: =EOMONTH($C$4,0) | C6: =EOMONTH($C$4,1) | D6: =EOMONTH($C$4,2) | E6: =EOMONTH($C$4,3) | F6: =EOMONTH($C$4,4) | G6: =EOMONTH($C$4,5) | H6: =EOMONTH($C$4,6) | I6: =EOMONTH($C$4,7) | J6: =EOMONTH($C$4,8) | K6: =EOMONTH($C$4,9) | L6: =EOMONTH($C$4,10) | M6: =EOMONTH($C$4,11)
B8: Director | C8: Opening at tax year start | D8: Max monthly balance | E8: Avg monthly balance | F8: Official-rate interest (annual) | G8: Interest paid (ledger) | H8: Taxable benefit proxy
B9: =IF(Directors!A2<>"",Directors!A2,"") | C9: =IF(B9="","",IFERROR(INDEX(Directors!B:B,MATCH(B9,Directors!A:A,0)),0)+SUMIFS(Ledger!E:E,Ledger!B:B,B9,Ledger!A:A,"<"&$C$4)) | D9: =IF(B9="","",MAX(N9:Y9)) | E9: =IF(B9="","",AVERAGE(N9:Y9)) | F9: =IF(B9="","",IF(D9>=$F$5,E9*$F$4,0)) | G9: =IF(B9="","",-SUMIFS(Ledger!E:E,Ledger!B:B,B9,Ledger!C:C,"Interest paid by director",Ledger!A:A,">="&$C$4,Ledger!A:A,"<="&$C$5)) | H9: =IF(B9="","",MAX(0,F9-G9)) | N9: =IF(B9="","",C9+SUMIFS(Ledger!E:E,Ledger!B:B,B9,Ledger!A:A,">="&$C$4,Ledger!A:A,"<="&B6)) | O9: =IF(B9="","",C9+SUMIFS(Ledger!E:E,Ledger!B:B,B9,Ledger!A:A,">="&$C$4,Ledger!A:A,"<="&C6)) | P9: =IF(B9="","",C9+SUMIFS(Ledger!E:E,Ledger!B:B,B9,Ledger!A:A,">="&$C$4,Ledger!A:A,"<="&D6)) | Q9: =IF(B9="","",C9+SUMIFS(Ledger!E:E,Ledger!B:B,B9,Ledger!A:A,">="&$C$4,Ledger!A:A,"<="&E6)) | R9: =IF(B9="","",C9+SUMIFS(Ledger!E:E,Ledger!B:B,B9,Ledger!A:A,">="&$C$4,Ledger!A:A,"<="&F6)) | S9: =IF(B9="","",C9+SUMIFS(Ledger!E:E,Ledger!B:B,B9,Ledger!A:A,">="&$C$4,Ledger!A:A,"<="&G6)) | T9: =IF(B9="","",C9+SUMIFS(Ledger!E:E,Ledger!B:B,B9,Ledger!A:A,">="&$C$4,Ledger!A:A,"<="&H6)) | U9: =IF(B9="","",C9+SUMIFS(Ledger!E:E,Ledger!B:B,B9,Ledger!A:A,">="&$C$4,Ledger!A:A,"<="&I6)) | V9: =IF(B9="","",C9+SUMIFS(Ledger!E:E,Ledger!B:B,B9,Ledger!A:A,">="&$C$4,Ledger!A:A,"<="&J6)) | W9: =IF(B9="","",C9+SUMIFS(Ledger!E:E,Ledger!B:B,B9,Ledger!A:A,">="&$C$4,Ledger!A:A,"<="&K6)) | X9: =IF(B9="","",C9+SUMIFS(Ledger!E:E,Ledger!B:B,B9,Ledger!A:A,">="&$C$4,Ledger!A:A,"<="&L6)) | Y9: =IF(B9="","",C9+SUMIFS(Ledger!E:E,Ledger!B:B,B9,Ledger!A:A,">="&$C$4,Ledger!A:A,"<="&M6))
B10: =IF(Directors!A3<>"",Directors!A3,"") | C10: =IF(B10="","",IFERROR(INDEX(Directors!B:B,MATCH(B10,Directors!A:A,0)),0)+SUMIFS(Ledger!E:E,Ledger!B:B,B10,Ledger!A:A,"<"&$C$4)) | D10: =IF(B10="","",MAX(N10:Y10)) | E10: =IF(B10="","",AVERAGE(N10:Y10)) | F10: =IF(B10="","",IF(D10>=$F$5,E10*$F$4,0)) | G10: =IF(B10="","",-SUMIFS(Ledger!E:E,Ledger!B:B,B10,Ledger!C:C,"Interest paid by director",Ledger!A:A,">="&$C$4,Ledger!A:A,"<="&$C$5)) | H10: =IF(B10="","",MAX(0,F10-G10)) | N10: =IF(B10="","",C10+SUMIFS(Ledger!E:E,Ledger!B:B,B10,Ledger!A:A,">="&$C$4,Ledger!A:A,"<="&B6)) | O10: =IF(B10="","",C10+SUMIFS(Ledger!E:E,Ledger!B:B,B10,Ledger!A:A,">="&$C$4,Ledger!A:A,"<="&C6)) | P10: =IF(B10="","",C10+SUMIFS(Ledger!E:E,Ledger!B:B,B10,Ledger!A:A,">="&$C$4,Ledger!A:A,"<="&D6)) | Q10: =IF(B10="","",C10+SUMIFS(Ledger!E:E,Ledger!B:B,B10,Ledger!A:A,">="&$C$4,Ledger!A:A,"<="&E6)) | R10: =IF(B10="","",C10+SUMIFS(Ledger!E:E,Ledger!B:B,B10,Ledger!A:A,">="&$C$4,Ledger!A:A,"<="&F6)) | S10: =IF(B10="","",C10+SUMIFS(Ledger!E:E,Ledger!B:B,B10,Ledger!A:A,">="&$C$4,Ledger!A:A,"<="&G6)) | T10: =IF(B10="","",C10+SUMIFS(Ledger!E:E,Ledger!B:B,B10,Ledger!A:A,">="&$C$4,Ledger!A:A,"<="&H6)) | U10: =IF(B10="","",C10+SUMIFS(Ledger!E:E,Ledger!B:B,B10,Ledger!A:A,">="&$C$4,Ledger!A:A,"<="&I6)) | V10: =IF(B10="","",C10+SUMIFS(Ledger!E:E,Ledger!B:B,B10,Ledger!A:A,">="&$C$4,Ledger!A:A,"<="&J6)) | W10: =IF(B10="","",C10+SUMIFS(Ledger!E:E,Ledger!B:B,B10,Ledger!A:A,">="&$C$4,Ledger!A:A,"<="&K6)) | X10: =IF(B10="","",C10+SUMIFS(Ledger!E:E,Ledger!B:B,B10,Ledger!A:A,">="&$C$4,Ledger!A:A,"<="&L6)) | Y10: =IF(B10="","",C10+SUMIFS(Ledger!E:E,Ledger!B:B,B10,Ledger!A:A,">="&$C$4,Ledger!A:A,"<="&M6))
B11: =IF(Directors!A4<>"",Directors!A4,"") | C11: =IF(B11="","",IFERROR(INDEX(Directors!B:B,MATCH(B11,Directors!A:A,0)),0)+SUMIFS(Ledger!E:E,Ledger!B:B,B11,Ledger!A:A,"<"&$C$4)) | D11: =IF(B11="","",MAX(N11:Y11)) | E11: =IF(B11="","",AVERAGE(N11:Y11)) | F11: =IF(B11="","",IF(D11>=$F$5,E11*$F$4,0)) | G11: =IF(B11="","",-SUMIFS(Ledger!E:E,Ledger!B:B,B11,Ledger!C:C,"Interest paid by director",Ledger!A:A,">="&$C$4,Ledger!A:A,"<="&$C$5)) | H11: =IF(B11="","",MAX(0,F11-G11)) | N11: =IF(B11="","",C11+SUMIFS(Ledger!E:E,Ledger!B:B,B11,Ledger!A:A,">="&$C$4,Ledger!A:A,"<="&B6)) | O11: =IF(B11="","",C11+SUMIFS(Ledger!E:E,Ledger!B:B,B11,Ledger!A:A,">="&$C$4,Ledger!A:A,"<="&C6)) | P11: =IF(B11="","",C11+SUMIFS(Ledger!E:E,Ledger!B:B,B11,Ledger!A:A,">="&$C$4,Ledger!A:A,"<="&D6)) | Q11: =IF(B11="","",C11+SUMIFS(Ledger!E:E,Ledger!B:B,B11,Ledger!A:A,">="&$C$4,Ledger!A:A,"<="&E6)) | R11: =IF(B11="","",C11+SUMIFS(Ledger!E:E,Ledger!B:B,B11,Ledger!A:A,">="&$C$4,Ledger!A:A,"<="&F6)) | S11: =IF(B11="","",C11+SUMIFS(Ledger!E:E,Ledger!B:B,B11,Ledger!A:A,">="&$C$4,Ledger!A:A,"<="&G6)) | T11: =IF(B11="","",C11+SUMIFS(Ledger!E:E,Ledger!B:B,B11,Ledger!A:A,">="&$C$4,Ledger!A:A,"<="&H6)) | U11: =IF(B11="","",C11+SUMIFS(Ledger!E:E,Ledger!B:B,B11,Ledger!A:A,">="&$C$4,Ledger!A:A,"<="&I6)) | V11: =IF(B11="","",C11+SUMIFS(Ledger!E:E,Ledger!B:B,B11,Ledger!A:A,">="&$C$4,Ledger!A:A,"<="&J6)) | W11: =IF(B11="","",C11+SUMIFS(Ledger!E:E,Ledger!B:B,B11,Ledger!A:A,">="&$C$4,Ledger!A:A,"<="&K6)) | X11: =IF(B11="","",C11+SUMIFS(Ledger!E:E,Ledger!B:B,B11,Ledger!A:A,">="&$C$4,Ledger!A:A,"<="&L6)) | Y11: =IF(B11="","",C11+SUMIFS(Ledger!E:E,Ledger!B:B,B11,Ledger!A:A,">="&$C$4,Ledger!A:A,"<="&M6))
B12: =IF(Directors!A5<>"",Directors!A5,"") | C12: =IF(B12="","",IFERROR(INDEX(Directors!B:B,MATCH(B12,Directors!A:A,0)),0)+SUMIFS(Ledger!E:E,Ledger!B:B,B12,Ledger!A:A,"<"&$C$4)) | D12: =IF(B12="","",MAX(N12:Y12)) | E12: =IF(B12="","",AVERAGE(N12:Y12)) | F12: =IF(B12="","",IF(D12>=$F$5,E12*$F$4,0)) | G12: =IF(B12="","",-SUMIFS(Ledger!E:E,Ledger!B:B,B12,Ledger!C:C,"Interest paid by director",Ledger!A:A,">="&$C$4,Ledger!A:A,"<="&$C$5)) | H12: =IF(B12="","",MAX(0,F12-G12)) | N12: =IF(B12="","",C12+SUMIFS(Ledger!E:E,Ledger!B:B,B12,Ledger!A:A,">="&$C$4,Ledger!A:A,"<="&B6)) | O12: =IF(B12="","",C12+SUMIFS(Ledger!E:E,Ledger!B:B,B12,Ledger!A:A,">="&$C$4,Ledger!A:A,"<="&C6)) | P12: =IF(B12="","",C12+SUMIFS(Ledger!E:E,Ledger!B:B,B12,Ledger!A:A,">="&$C$4,Ledger!A:A,"<="&D6)) | Q12: =IF(B12="","",C12+SUMIFS(Ledger!E:E,Ledger!B:B,B12,Ledger!A:A,">="&$C$4,Ledger!A:A,"<="&E6)) | R12: =IF(B12="","",C12+SUMIFS(Ledger!E:E,Ledger!B:B,B12,Ledger!A:A,">="&$C$4,Ledger!A:A,"<="&F6)) | S12: =IF(B12="","",C12+SUMIFS(Ledger!E:E,Ledger!B:B,B12,Ledger!A:A,">="&$C$4,Ledger!A:A,"<="&G6)) | T12: =IF(B12="","",C12+SUMIFS(Ledger!E:E,Ledger!B:B,B12,Ledger!A:A,">="&$C$4,Ledger!A:A,"<="&H6)) | U12: =IF(B12="","",C12+SUMIFS(Ledger!E:E,Ledger!B:B,B12,Ledger!A:A,">="&$C$4,Ledger!A:A,"<="&I6)) | V12: =IF(B12="","",C12+SUMIFS(Ledger!E:E,Ledger!B:B,B12,Ledger!A:A,">="&$C$4,Ledger!A:A,"<="&J6)) | W12: =IF(B12="","",C12+SUMIFS(Ledger!E:E,Ledger!B:B,B12,Ledger!A:A,">="&$C$4,Ledger!A:A,"<="&K6)) | X12: =IF(B12="","",C12+SUMIFS(Ledger!E:E,Ledger!B:B,B12,Ledger!A:A,">="&$C$4,Ledger!A:A,"<="&L6)) | Y12: =IF(B12="","",C12+SUMIFS(Ledger!E:E,Ledger!B:B,B12,Ledger!A:A,">="&$C$4,Ledger!A:A,"<="&M6))
B13: =IF(Directors!A6<>"",Directors!A6,"") | C13: =IF(B13="","",IFERROR(INDEX(Directors!B:B,MATCH(B13,Directors!A:A,0)),0)+SUMIFS(Ledger!E:E,Ledger!B:B,B13,Ledger!A:A,"<"&$C$4)) | D13: =IF(B13="","",MAX(N13:Y13)) | E13: =IF(B13="","",AVERAGE(N13:Y13)) | F13: =IF(B13="","",IF(D13>=$F$5,E13*$F$4,0)) | G13: =IF(B13="","",-SUMIFS(Ledger!E:E,Ledger!B:B,B13,Ledger!C:C,"Interest paid by director",Ledger!A:A,">="&$C$4,Ledger!A:A,"<="&$C$5)) | H13: =IF(B13="","",MAX(0,F13-G13)) | N13: =IF(B13="","",C13+SUMIFS(Ledger!E:E,Ledger!B:B,B13,Ledger!A:A,">="&$C$4,Ledger!A:A,"<="&B6)) | O13: =IF(B13="","",C13+SUMIFS(Ledger!E:E,Ledger!B:B,B13,Ledger!A:A,">="&$C$4,Ledger!A:A,"<="&C6)) | P13: =IF(B13="","",C13+SUMIFS(Ledger!E:E,Ledger!B:B,B13,Ledger!A:A,">="&$C$4,Ledger!A:A,"<="&D6)) | Q13: =IF(B13="","",C13+SUMIFS(Ledger!E:E,Ledger!B:B,B13,Ledger!A:A,">="&$C$4,Ledger!A:A,"<="&E6)) | R13: =IF(B13="","",C13+SUMIFS(Ledger!E:E,Ledger!B:B,B13,Ledger!A:A,">="&$C$4,Ledger!A:A,"<="&F6)) | S13: =IF(B13="","",C13+SUMIFS(Ledger!E:E,Ledger!B:B,B13,Ledger!A:A,">="&$C$4,Ledger!A:A,"<="&G6)) | T13: =IF(B13="","",C13+SUMIFS(Ledger!E:E,Ledger!B:B,B13,Ledger!A:A,">="&$C$4,Ledger!A:A,"<="&H6)) | U13: =IF(B13="","",C13+SUMIFS(Ledger!E:E,Ledger!B:B,B13,Ledger!A:A,">="&$C$4,Ledger!A:A,"<="&I6)) | V13: =IF(B13="","",C13+SUMIFS(Ledger!E:E,Ledger!B:B,B13,Ledger!A:A,">="&$C$4,Ledger!A:A,"<="&J6)) | W13: =IF(B13="","",C13+SUMIFS(Ledger!E:E,Ledger!B:B,B13,Ledger!A:A,">="&$C$4,Ledger!A:A,"<="&K6)) | X13: =IF(B13="","",C13+SUMIFS(Ledger!E:E,Ledger!B:B,B13,Ledger!A:A,">="&$C$4,Ledger!A:A,"<="&L6)) | Y13: =IF(B13="","",C13+SUMIFS(Ledger!E:E,Ledger!B:B,B13,Ledger!A:A,">="&$C$4,Ledger!A:A,"<="&M6))
B14: =IF(Directors!A7<>"",Directors!A7,"") | C14: =IF(B14="","",IFERROR(INDEX(Directors!B:B,MATCH(B14,Directors!A:A,0)),0)+SUMIFS(Ledger!E:E,Ledger!B:B,B14,Ledger!A:A,"<"&$C$4)) | D14: =IF(B14="","",MAX(N14:Y14)) | E14: =IF(B14="","",AVERAGE(N14:Y14)) | F14: =IF(B14="","",IF(D14>=$F$5,E14*$F$4,0)) | G14: =IF(B14="","",-SUMIFS(Ledger!E:E,Ledger!B:B,B14,Ledger!C:C,"Interest paid by director",Ledger!A:A,">="&$C$4,Ledger!A:A,"<="&$C$5)) | H14: =IF(B14="","",MAX(0,F14-G14)) | N14: =IF(B14="","",C14+SUMIFS(Ledger!E:E,Ledger!B:B,B14,Ledger!A:A,">="&$C$4,Ledger!A:A,"<="&B6)) | O14: =IF(B14="","",C14+SUMIFS(Ledger!E:E,Ledger!B:B,B14,Ledger!A:A,">="&$C$4,Ledger!A:A,"<="&C6)) | P14: =IF(B14="","",C14+SUMIFS(Ledger!E:E,Ledger!B:B,B14,Ledger!A:A,">="&$C$4,Ledger!A:A,"<="&D6)) | Q14: =IF(B14="","",C14+SUMIFS(Ledger!E:E,Ledger!B:B,B14,Ledger!A:A,">="&$C$4,Ledger!A:A,"<="&E6)) | R14: =IF(B14="","",C14+SUMIFS(Ledger!E:E,Ledger!B:B,B14,Ledger!A:A,">="&$C$4,Ledger!A:A,"<="&F6)) | S14: =IF(B14="","",C14+SUMIFS(Ledger!E:E,Ledger!B:B,B14,Ledger!A:A,">="&$C$4,Ledger!A:A,"<="&G6)) | T14: =IF(B14="","",C14+SUMIFS(Ledger!E:E,Ledger!B:B,B14,Ledger!A:A,">="&$C$4,Ledger!A:A,"<="&H6)) | U14: =IF(B14="","",C14+SUMIFS(Ledger!E:E,Ledger!B:B,B14,Ledger!A:A,">="&$C$4,Ledger!A:A,"<="&I6)) | V14: =IF(B14="","",C14+SUMIFS(Ledger!E:E,Ledger!B:B,B14,Ledger!A:A,">="&$C$4,Ledger!A:A,"<="&J6)) | W14: =IF(B14="","",C14+SUMIFS(Ledger!E:E,Ledger!B:B,B14,Ledger!A:A,">="&$C$4,Ledger!A:A,"<="&K6)) | X14: =IF(B14="","",C14+SUMIFS(Ledger!E:E,Ledger!B:B,B14,Ledger!A:A,">="&$C$4,Ledger!A:A,"<="&L6)) | Y14: =IF(B14="","",C14+SUMIFS(Ledger!E:E,Ledger!B:B,B14,Ledger!A:A,">="&$C$4,Ledger!A:A,"<="&M6))
B15: =IF(Directors!A8<>"",Directors!A8,"") | C15: =IF(B15="","",IFERROR(INDEX(Directors!B:B,MATCH(B15,Directors!A:A,0)),0)+SUMIFS(Ledger!E:E,Ledger!B:B,B15,Ledger!A:A,"<"&$C$4)) | D15: =IF(B15="","",MAX(N15:Y15)) | E15: =IF(B15="","",AVERAGE(N15:Y15)) | F15: =IF(B15="","",IF(D15>=$F$5,E15*$F$4,0)) | G15: =IF(B15="","",-SUMIFS(Ledger!E:E,Ledger!B:B,B15,Ledger!C:C,"Interest paid by director",Ledger!A:A,">="&$C$4,Ledger!A:A,"<="&$C$5)) | H15: =IF(B15="","",MAX(0,F15-G15)) | N15: =IF(B15="","",C15+SUMIFS(Ledger!E:E,Ledger!B:B,B15,Ledger!A:A,">="&$C$4,Ledger!A:A,"<="&B6)) | O15: =IF(B15="","",C15+SUMIFS(Ledger!E:E,Ledger!B:B,B15,Ledger!A:A,">="&$C$4,Ledger!A:A,"<="&C6)) | P15: =IF(B15="","",C15+SUMIFS(Ledger!E:E,Ledger!B:B,B15,Ledger!A:A,">="&$C$4,Ledger!A:A,"<="&D6)) | Q15: =IF(B15="","",C15+SUMIFS(Ledger!E:E,Ledger!B:B,B15,Ledger!A:A,">="&$C$4,Ledger!A:A,"<="&E6)) | R15: =IF(B15="","",C15+SUMIFS(Ledger!E:E,Ledger!B:B,B15,Ledger!A:A,">="&$C$4,Ledger!A:A,"<="&F6)) | S15: =IF(B15="","",C15+SUMIFS(Ledger!E:E,Ledger!B:B,B15,Ledger!A:A,">="&$C$4,Ledger!A:A,"<="&G6)) | T15: =IF(B15="","",C15+SUMIFS(Ledger!E:E,Ledger!B:B,B15,Ledger!A:A,">="&$C$4,Ledger!A:A,"<="&H6)) | U15: =IF(B15="","",C15+SUMIFS(Ledger!E:E,Ledger!B:B,B15,Ledger!A:A,">="&$C$4,Ledger!A:A,"<="&I6)) | V15: =IF(B15="","",C15+SUMIFS(Ledger!E:E,Ledger!B:B,B15,Ledger!A:A,">="&$C$4,Ledger!A:A,"<="&J6)) | W15: =IF(B15="","",C15+SUMIFS(Ledger!E:E,Ledger!B:B,B15,Ledger!A:A,">="&$C$4,Ledger!A:A,"<="&K6)) | X15: =IF(B15="","",C15+SUMIFS(Ledger!E:E,Ledger!B:B,B15,Ledger!A:A,">="&$C$4,Ledger!A:A,"<="&L6)) | Y15: =IF(B15="","",C15+SUMIFS(Ledger!E:E,Ledger!B:B,B15,Ledger!A:A,">="&$C$4,Ledger!A:A,"<="&M6))
B16: =IF(Directors!A9<>"",Directors!A9,"") | C16: =IF(B16="","",IFERROR(INDEX(Directors!B:B,MATCH(B16,Directors!A:A,0)),0)+SUMIFS(Ledger!E:E,Ledger!B:B,B16,Ledger!A:A,"<"&$C$4)) | D16: =IF(B16="","",MAX(N16:Y16)) | E16: =IF(B16="","",AVERAGE(N16:Y16)) | F16: =IF(B16="","",IF(D16>=$F$5,E16*$F$4,0)) | G16: =IF(B16="","",-SUMIFS(Ledger!E:E,Ledger!B:B,B16,Ledger!C:C,"Interest paid by director",Ledger!A:A,">="&$C$4,Ledger!A:A,"<="&$C$5)) | H16: =IF(B16="","",MAX(0,F16-G16)) | N16: =IF(B16="","",C16+SUMIFS(Ledger!E:E,Ledger!B:B,B16,Ledger!A:A,">="&$C$4,Ledger!A:A,"<="&B6)) | O16: =IF(B16="","",C16+SUMIFS(Ledger!E:E,Ledger!B:B,B16,Ledger!A:A,">="&$C$4,Ledger!A:A,"<="&C6)) | P16: =IF(B16="","",C16+SUMIFS(Ledger!E:E,Ledger!B:B,B16,Ledger!A:A,">="&$C$4,Ledger!A:A,"<="&D6)) | Q16: =IF(B16="","",C16+SUMIFS(Ledger!E:E,Ledger!B:B,B16,Ledger!A:A,">="&$C$4,Ledger!A:A,"<="&E6)) | R16: =IF(B16="","",C16+SUMIFS(Ledger!E:E,Ledger!B:B,B16,Ledger!A:A,">="&$C$4,Ledger!A:A,"<="&F6)) | S16: =IF(B16="","",C16+SUMIFS(Ledger!E:E,Ledger!B:B,B16,Ledger!A:A,">="&$C$4,Ledger!A:A,"<="&G6)) | T16: =IF(B16="","",C16+SUMIFS(Ledger!E:E,Ledger!B:B,B16,Ledger!A:A,">="&$C$4,Ledger!A:A,"<="&H6)) | U16: =IF(B16="","",C16+SUMIFS(Ledger!E:E,Ledger!B:B,B16,Ledger!A:A,">="&$C$4,Ledger!A:A,"<="&I6)) | V16: =IF(B16="","",C16+SUMIFS(Ledger!E:E,Ledger!B:B,B16,Ledger!A:A,">="&$C$4,Ledger!A:A,"<="&J6)) | W16: =IF(B16="","",C16+SUMIFS(Ledger!E:E,Ledger!B:B,B16,Ledger!A:A,">="&$C$4,Ledger!A:A,"<="&K6)) | X16: =IF(B16="","",C16+SUMIFS(Ledger!E:E,Ledger!B:B,B16,Ledger!A:A,">="&$C$4,Ledger!A:A,"<="&L6)) | Y16: =IF(B16="","",C16+SUMIFS(Ledger!E:E,Ledger!B:B,B16,Ledger!A:A,">="&$C$4,Ledger!A:A,"<="&M6))
B17: =IF(Directors!A10<>"",Directors!A10,"") | C17: =IF(B17="","",IFERROR(INDEX(Directors!B:B,MATCH(B17,Directors!A:A,0)),0)+SUMIFS(Ledger!E:E,Ledger!B:B,B17,Ledger!A:A,"<"&$C$4)) | D17: =IF(B17="","",MAX(N17:Y17)) | E17: =IF(B17="","",AVERAGE(N17:Y17)) | F17: =IF(B17="","",IF(D17>=$F$5,E17*$F$4,0)) | G17: =IF(B17="","",-SUMIFS(Ledger!E:E,Ledger!B:B,B17,Ledger!C:C,"Interest paid by director",Ledger!A:A,">="&$C$4,Ledger!A:A,"<="&$C$5)) | H17: =IF(B17="","",MAX(0,F17-G17)) | N17: =IF(B17="","",C17+SUMIFS(Ledger!E:E,Ledger!B:B,B17,Ledger!A:A,">="&$C$4,Ledger!A:A,"<="&B6)) | O17: =IF(B17="","",C17+SUMIFS(Ledger!E:E,Ledger!B:B,B17,Ledger!A:A,">="&$C$4,Ledger!A:A,"<="&C6)) | P17: =IF(B17="","",C17+SUMIFS(Ledger!E:E,Ledger!B:B,B17,Ledger!A:A,">="&$C$4,Ledger!A:A,"<="&D6)) | Q17: =IF(B17="","",C17+SUMIFS(Ledger!E:E,Ledger!B:B,B17,Ledger!A:A,">="&$C$4,Ledger!A:A,"<="&E6)) | R17: =IF(B17="","",C17+SUMIFS(Ledger!E:E,Ledger!B:B,B17,Ledger!A:A,">="&$C$4,Ledger!A:A,"<="&F6)) | S17: =IF(B17="","",C17+SUMIFS(Ledger!E:E,Ledger!B:B,B17,Ledger!A:A,">="&$C$4,Ledger!A:A,"<="&G6)) | T17: =IF(B17="","",C17+SUMIFS(Ledger!E:E,Ledger!B:B,B17,Ledger!A:A,">="&$C$4,Ledger!A:A,"<="&H6)) | U17: =IF(B17="","",C17+SUMIFS(Ledger!E:E,Ledger!B:B,B17,Ledger!A:A,">="&$C$4,Ledger!A:A,"<="&I6)) | V17: =IF(B17="","",C17+SUMIFS(Ledger!E:E,Ledger!B:B,B17,Ledger!A:A,">="&$C$4,Ledger!A:A,"<="&J6)) | W17: =IF(B17="","",C17+SUMIFS(Ledger!E:E,Ledger!B:B,B17,Ledger!A:A,">="&$C$4,Ledger!A:A,"<="&K6)) | X17: =IF(B17="","",C17+SUMIFS(Ledger!E:E,Ledger!B:B,B17,Ledger!A:A,">="&$C$4,Ledger!A:A,"<="&L6)) | Y17: =IF(B17="","",C17+SUMIFS(Ledger!E:E,Ledger!B:B,B17,Ledger!A:A,">="&$C$4,Ledger!A:A,"<="&M6))
B18: =IF(Directors!A11<>"",Directors!A11,"") | C18: =IF(B18="","",IFERROR(INDEX(Directors!B:B,MATCH(B18,Directors!A:A,0)),0)+SUMIFS(Ledger!E:E,Ledger!B:B,B18,Ledger!A:A,"<"&$C$4)) | D18: =IF(B18="","",MAX(N18:Y18)) | E18: =IF(B18="","",AVERAGE(N18:Y18)) | F18: =IF(B18="","",IF(D18>=$F$5,E18*$F$4,0)) | G18: =IF(B18="","",-SUMIFS(Ledger!E:E,Ledger!B:B,B18,Ledger!C:C,"Interest paid by director",Ledger!A:A,">="&$C$4,Ledger!A:A,"<="&$C$5)) | H18: =IF(B18="","",MAX(0,F18-G18)) | N18: =IF(B18="","",C18+SUMIFS(Ledger!E:E,Ledger!B:B,B18,Ledger!A:A,">="&$C$4,Ledger!A:A,"<="&B6)) | O18: =IF(B18="","",C18+SUMIFS(Ledger!E:E,Ledger!B:B,B18,Ledger!A:A,">="&$C$4,Ledger!A:A,"<="&C6)) | P18: =IF(B18="","",C18+SUMIFS(Ledger!E:E,Ledger!B:B,B18,Ledger!A:A,">="&$C$4,Ledger!A:A,"<="&D6)) | Q18: =IF(B18="","",C18+SUMIFS(Ledger!E:E,Ledger!B:B,B18,Ledger!A:A,">="&$C$4,Ledger!A:A,"<="&E6)) | R18: =IF(B18="","",C18+SUMIFS(Ledger!E:E,Ledger!B:B,B18,Ledger!A:A,">="&$C$4,Ledger!A:A,"<="&F6)) | S18: =IF(B18="","",C18+SUMIFS(Ledger!E:E,Ledger!B:B,B18,Ledger!A:A,">="&$C$4,Ledger!A:A,"<="&G6)) | T18: =IF(B18="","",C18+SUMIFS(Ledger!E:E,Ledger!B:B,B18,Ledger!A:A,">="&$C$4,Ledger!A:A,"<="&H6)) | U18: =IF(B18="","",C18+SUMIFS(Ledger!E:E,Ledger!B:B,B18,Ledger!A:A,">="&$C$4,Ledger!A:A,"<="&I6)) | V18: =IF(B18="","",C18+SUMIFS(Ledger!E:E,Ledger!B:B,B18,Ledger!A:A,">="&$C$4,Ledger!A:A,"<="&J6)) | W18: =IF(B18="","",C18+SUMIFS(Ledger!E:E,Ledger!B:B,B18,Ledger!A:A,">="&$C$4,Ledger!A:A,"<="&K6)) | X18: =IF(B18="","",C18+SUMIFS(Ledger!E:E,Ledger!B:B,B18,Ledger!A:A,">="&$C$4,Ledger!A:A,"<="&L6)) | Y18: =IF(B18="","",C18+SUMIFS(Ledger!E:E,Ledger!B:B,B18,Ledger!A:A,">="&$C$4,Ledger!A:A,"<="&M6))
B19: =IF(Directors!A12<>"",Directors!A12,"") | C19: =IF(B19="","",IFERROR(INDEX(Directors!B:B,MATCH(B19,Directors!A:A,0)),0)+SUMIFS(Ledger!E:E,Ledger!B:B,B19,Ledger!A:A,"<"&$C$4)) | D19: =IF(B19="","",MAX(N19:Y19)) | E19: =IF(B19="","",AVERAGE(N19:Y19)) | F19: =IF(B19="","",IF(D19>=$F$5,E19*$F$4,0)) | G19: =IF(B19="","",-SUMIFS(Ledger!E:E,Ledger!B:B,B19,Ledger!C:C,"Interest paid by director",Ledger!A:A,">="&$C$4,Ledger!A:A,"<="&$C$5)) | H19: =IF(B19="","",MAX(0,F19-G19)) | N19: =IF(B19="","",C19+SUMIFS(Ledger!E:E,Ledger!B:B,B19,Ledger!A:A,">="&$C$4,Ledger!A:A,"<="&B6)) | O19: =IF(B19="","",C19+SUMIFS(Ledger!E:E,Ledger!B:B,B19,Ledger!A:A,">="&$C$4,Ledger!A:A,"<="&C6)) | P19: =IF(B19="","",C19+SUMIFS(Ledger!E:E,Ledger!B:B,B19,Ledger!A:A,">="&$C$4,Ledger!A:A,"<="&D6)) | Q19: =IF(B19="","",C19+SUMIFS(Ledger!E:E,Ledger!B:B,B19,Ledger!A:A,">="&$C$4,Ledger!A:A,"<="&E6)) | R19: =IF(B19="","",C19+SUMIFS(Ledger!E:E,Ledger!B:B,B19,Ledger!A:A,">="&$C$4,Ledger!A:A,"<="&F6)) | S19: =IF(B19="","",C19+SUMIFS(Ledger!E:E,Ledger!B:B,B19,Ledger!A:A,">="&$C$4,Ledger!A:A,"<="&G6)) | T19: =IF(B19="","",C19+SUMIFS(Ledger!E:E,Ledger!B:B,B19,Ledger!A:A,">="&$C$4,Ledger!A:A,"<="&H6)) | U19: =IF(B19="","",C19+SUMIFS(Ledger!E:E,Ledger!B:B,B19,Ledger!A:A,">="&$C$4,Ledger!A:A,"<="&I6)) | V19: =IF(B19="","",C19+SUMIFS(Ledger!E:E,Ledger!B:B,B19,Ledger!A:A,">="&$C$4,Ledger!A:A,"<="&J6)) | W19: =IF(B19="","",C19+SUMIFS(Ledger!E:E,Ledger!B:B,B19,Ledger!A:A,">="&$C$4,Ledger!A:A,"<="&K6)) | X19: =IF(B19="","",C19+SUMIFS(Ledger!E:E,Ledger!B:B,B19,Ledger!A:A,">="&$C$4,Ledger!A:A,"<="&L6)) | Y19: =IF(B19="","",C19+SUMIFS(Ledger!E:E,Ledger!B:B,B19,Ledger!A:A,">="&$C$4,Ledger!A:A,"<="&M6))
B20: =IF(Directors!A13<>"",Directors!A13,"") | C20: =IF(B20="","",IFERROR(INDEX(Directors!B:B,MATCH(B20,Directors!A:A,0)),0)+SUMIFS(Ledger!E:E,Ledger!B:B,B20,Ledger!A:A,"<"&$C$4)) | D20: =IF(B20="","",MAX(N20:Y20)) | E20: =IF(B20="","",AVERAGE(N20:Y20)) | F20: =IF(B20="","",IF(D20>=$F$5,E20*$F$4,0)) | G20: =IF(B20="","",-SUMIFS(Ledger!E:E,Ledger!B:B,B20,Ledger!C:C,"Interest paid by director",Ledger!A:A,">="&$C$4,Ledger!A:A,"<="&$C$5)) | H20: =IF(B20="","",MAX(0,F20-G20)) | N20: =IF(B20="","",C20+SUMIFS(Ledger!E:E,Ledger!B:B,B20,Ledger!A:A,">="&$C$4,Ledger!A:A,"<="&B6)) | O20: =IF(B20="","",C20+SUMIFS(Ledger!E:E,Ledger!B:B,B20,Ledger!A:A,">="&$C$4,Ledger!A:A,"<="&C6)) | P20: =IF(B20="","",C20+SUMIFS(Ledger!E:E,Ledger!B:B,B20,Ledger!A:A,">="&$C$4,Ledger!A:A,"<="&D6)) | Q20: =IF(B20="","",C20+SUMIFS(Ledger!E:E,Ledger!B:B,B20,Ledger!A:A,">="&$C$4,Ledger!A:A,"<="&E6)) | R20: =IF(B20="","",C20+SUMIFS(Ledger!E:E,Ledger!B:B,B20,Ledger!A:A,">="&$C$4,Ledger!A:A,"<="&F6)) | S20: =IF(B20="","",C20+SUMIFS(Ledger!E:E,Ledger!B:B,B20,Ledger!A:A,">="&$C$4,Ledger!A:A,"<="&G6)) | T20: =IF(B20="","",C20+SUMIFS(Ledger!E:E,Ledger!B:B,B20,Ledger!A:A,">="&$C$4,Ledger!A:A,"<="&H6)) | U20: =IF(B20="","",C20+SUMIFS(Ledger!E:E,Ledger!B:B,B20,Ledger!A:A,">="&$C$4,Ledger!A:A,"<="&I6)) | V20: =IF(B20="","",C20+SUMIFS(Ledger!E:E,Ledger!B:B,B20,Ledger!A:A,">="&$C$4,Ledger!A:A,"<="&J6)) | W20: =IF(B20="","",C20+SUMIFS(Ledger!E:E,Ledger!B:B,B20,Ledger!A:A,">="&$C$4,Ledger!A:A,"<="&K6)) | X20: =IF(B20="","",C20+SUMIFS(Ledger!E:E,Ledger!B:B,B20,Ledger!A:A,">="&$C$4,Ledger!A:A,"<="&L6)) | Y20: =IF(B20="","",C20+SUMIFS(Ledger!E:E,Ledger!B:B,B20,Ledger!A:A,">="&$C$4,Ledger!A:A,"<="&M6))
B21: =IF(Directors!A14<>"",Directors!A14,"") | C21: =IF(B21="","",IFERROR(INDEX(Directors!B:B,MATCH(B21,Directors!A:A,0)),0)+SUMIFS(Ledger!E:E,Ledger!B:B,B21,Ledger!A:A,"<"&$C$4)) | D21: =IF(B21="","",MAX(N21:Y21)) | E21: =IF(B21="","",AVERAGE(N21:Y21)) | F21: =IF(B21="","",IF(D21>=$F$5,E21*$F$4,0)) | G21: =IF(B21="","",-SUMIFS(Ledger!E:E,Ledger!B:B,B21,Ledger!C:C,"Interest paid by director",Ledger!A:A,">="&$C$4,Ledger!A:A,"<="&$C$5)) | H21: =IF(B21="","",MAX(0,F21-G21)) | N21: =IF(B21="","",C21+SUMIFS(Ledger!E:E,Ledger!B:B,B21,Ledger!A:A,">="&$C$4,Ledger!A:A,"<="&B6)) | O21: =IF(B21="","",C21+SUMIFS(Ledger!E:E,Ledger!B:B,B21,Ledger!A:A,">="&$C$4,Ledger!A:A,"<="&C6)) | P21: =IF(B21="","",C21+SUMIFS(Ledger!E:E,Ledger!B:B,B21,Ledger!A:A,">="&$C$4,Ledger!A:A,"<="&D6)) | Q21: =IF(B21="","",C21+SUMIFS(Ledger!E:E,Ledger!B:B,B21,Ledger!A:A,">="&$C$4,Ledger!A:A,"<="&E6)) | R21: =IF(B21="","",C21+SUMIFS(Ledger!E:E,Ledger!B:B,B21,Ledger!A:A,">="&$C$4,Ledger!A:A,"<="&F6)) | S21: =IF(B21="","",C21+SUMIFS(Ledger!E:E,Ledger!B:B,B21,Ledger!A:A,">="&$C$4,Ledger!A:A,"<="&G6)) | T21: =IF(B21="","",C21+SUMIFS(Ledger!E:E,Ledger!B:B,B21,Ledger!A:A,">="&$C$4,Ledger!A:A,"<="&H6)) | U21: =IF(B21="","",C21+SUMIFS(Ledger!E:E,Ledger!B:B,B21,Ledger!A:A,">="&$C$4,Ledger!A:A,"<="&I6)) | V21: =IF(B21="","",C21+SUMIFS(Ledger!E:E,Ledger!B:B,B21,Ledger!A:A,">="&$C$4,Ledger!A:A,"<="&J6)) | W21: =IF(B21="","",C21+SUMIFS(Ledger!E:E,Ledger!B:B,B21,Ledger!A:A,">="&$C$4,Ledger!A:A,"<="&K6)) | X21: =IF(B21="","",C21+SUMIFS(Ledger!E:E,Ledger!B:B,B21,Ledger!A:A,">="&$C$4,Ledger!A:A,"<="&L6)) | Y21: =IF(B21="","",C21+SUMIFS(Ledger!E:E,Ledger!B:B,B21,Ledger!A:A,">="&$C$4,Ledger!A:A,"<="&M6))
B22: =IF(Directors!A15<>"",Directors!A15,"") | C22: =IF(B22="","",IFERROR(INDEX(Directors!B:B,MATCH(B22,Directors!A:A,0)),0)+SUMIFS(Ledger!E:E,Ledger!B:B,B22,Ledger!A:A,"<"&$C$4)) | D22: =IF(B22="","",MAX(N22:Y22)) | E22: =IF(B22="","",AVERAGE(N22:Y22)) | F22: =IF(B22="","",IF(D22>=$F$5,E22*$F$4,0)) | G22: =IF(B22="","",-SUMIFS(Ledger!E:E,Ledger!B:B,B22,Ledger!C:C,"Interest paid by director",Ledger!A:A,">="&$C$4,Ledger!A:A,"<="&$C$5)) | H22: =IF(B22="","",MAX(0,F22-G22)) | N22: =IF(B22="","",C22+SUMIFS(Ledger!E:E,Ledger!B:B,B22,Ledger!A:A,">="&$C$4,Ledger!A:A,"<="&B6)) | O22: =IF(B22="","",C22+SUMIFS(Ledger!E:E,Ledger!B:B,B22,Ledger!A:A,">="&$C$4,Ledger!A:A,"<="&C6)) | P22: =IF(B22="","",C22+SUMIFS(Ledger!E:E,Ledger!B:B,B22,Ledger!A:A,">="&$C$4,Ledger!A:A,"<="&D6)) | Q22: =IF(B22="","",C22+SUMIFS(Ledger!E:E,Ledger!B:B,B22,Ledger!A:A,">="&$C$4,Ledger!A:A,"<="&E6)) | R22: =IF(B22="","",C22+SUMIFS(Ledger!E:E,Ledger!B:B,B22,Ledger!A:A,">="&$C$4,Ledger!A:A,"<="&F6)) | S22: =IF(B22="","",C22+SUMIFS(Ledger!E:E,Ledger!B:B,B22,Ledger!A:A,">="&$C$4,Ledger!A:A,"<="&G6)) | T22: =IF(B22="","",C22+SUMIFS(Ledger!E:E,Ledger!B:B,B22,Ledger!A:A,">="&$C$4,Ledger!A:A,"<="&H6)) | U22: =IF(B22="","",C22+SUMIFS(Ledger!E:E,Ledger!B:B,B22,Ledger!A:A,">="&$C$4,Ledger!A:A,"<="&I6)) | V22: =IF(B22="","",C22+SUMIFS(Ledger!E:E,Ledger!B:B,B22,Ledger!A:A,">="&$C$4,Ledger!A:A,"<="&J6)) | W22: =IF(B22="","",C22+SUMIFS(Ledger!E:E,Ledger!B:B,B22,Ledger!A:A,">="&$C$4,Ledger!A:A,"<="&K6)) | X22: =IF(B22="","",C22+SUMIFS(Ledger!E:E,Ledger!B:B,B22,Ledger!A:A,">="&$C$4,Ledger!A:A,"<="&L6)) | Y22: =IF(B22="","",C22+SUMIFS(Ledger!E:E,Ledger!B:B,B22,Ledger!A:A,">="&$C$4,Ledger!A:A,"<="&M6))
B23: =IF(Directors!A16<>"",Directors!A16,"") | C23: =IF(B23="","",IFERROR(INDEX(Directors!B:B,MATCH(B23,Directors!A:A,0)),0)+SUMIFS(Ledger!E:E,Ledger!B:B,B23,Ledger!A:A,"<"&$C$4)) | D23: =IF(B23="","",MAX(N23:Y23)) | E23: =IF(B23="","",AVERAGE(N23:Y23)) | F23: =IF(B23="","",IF(D23>=$F$5,E23*$F$4,0)) | G23: =IF(B23="","",-SUMIFS(Ledger!E:E,Ledger!B:B,B23,Ledger!C:C,"Interest paid by director",Ledger!A:A,">="&$C$4,Ledger!A:A,"<="&$C$5)) | H23: =IF(B23="","",MAX(0,F23-G23)) | N23: =IF(B23="","",C23+SUMIFS(Ledger!E:E,Ledger!B:B,B23,Ledger!A:A,">="&$C$4,Ledger!A:A,"<="&B6)) | O23: =IF(B23="","",C23+SUMIFS(Ledger!E:E,Ledger!B:B,B23,Ledger!A:A,">="&$C$4,Ledger!A:A,"<="&C6)) | P23: =IF(B23="","",C23+SUMIFS(Ledger!E:E,Ledger!B:B,B23,Ledger!A:A,">="&$C$4,Ledger!A:A,"<="&D6)) | Q23: =IF(B23="","",C23+SUMIFS(Ledger!E:E,Ledger!B:B,B23,Ledger!A:A,">="&$C$4,Ledger!A:A,"<="&E6)) | R23: =IF(B23="","",C23+SUMIFS(Ledger!E:E,Ledger!B:B,B23,Ledger!A:A,">="&$C$4,Ledger!A:A,"<="&F6)) | S23: =IF(B23="","",C23+SUMIFS(Ledger!E:E,Ledger!B:B,B23,Ledger!A:A,">="&$C$4,Ledger!A:A,"<="&G6)) | T23: =IF(B23="","",C23+SUMIFS(Ledger!E:E,Ledger!B:B,B23,Ledger!A:A,">="&$C$4,Ledger!A:A,"<="&H6)) | U23: =IF(B23="","",C23+SUMIFS(Ledger!E:E,Ledger!B:B,B23,Ledger!A:A,">="&$C$4,Ledger!A:A,"<="&I6)) | V23: =IF(B23="","",C23+SUMIFS(Ledger!E:E,Ledger!B:B,B23,Ledger!A:A,">="&$C$4,Ledger!A:A,"<="&J6)) | W23: =IF(B23="","",C23+SUMIFS(Ledger!E:E,Ledger!B:B,B23,Ledger!A:A,">="&$C$4,Ledger!A:A,"<="&K6)) | X23: =IF(B23="","",C23+SUMIFS(Ledger!E:E,Ledger!B:B,B23,Ledger!A:A,">="&$C$4,Ledger!A:A,"<="&L6)) | Y23: =IF(B23="","",C23+SUMIFS(Ledger!E:E,Ledger!B:B,B23,Ledger!A:A,">="&$C$4,Ledger!A:A,"<="&M6))
B24: =IF(Directors!A17<>"",Directors!A17,"") | C24: =IF(B24="","",IFERROR(INDEX(Directors!B:B,MATCH(B24,Directors!A:A,0)),0)+SUMIFS(Ledger!E:E,Ledger!B:B,B24,Ledger!A:A,"<"&$C$4)) | D24: =IF(B24="","",MAX(N24:Y24)) | E24: =IF(B24="","",AVERAGE(N24:Y24)) | F24: =IF(B24="","",IF(D24>=$F$5,E24*$F$4,0)) | G24: =IF(B24="","",-SUMIFS(Ledger!E:E,Ledger!B:B,B24,Ledger!C:C,"Interest paid by director",Ledger!A:A,">="&$C$4,Ledger!A:A,"<="&$C$5)) | H24: =IF(B24="","",MAX(0,F24-G24)) | N24: =IF(B24="","",C24+SUMIFS(Ledger!E:E,Ledger!B:B,B24,Ledger!A:A,">="&$C$4,Ledger!A:A,"<="&B6)) | O24: =IF(B24="","",C24+SUMIFS(Ledger!E:E,Ledger!B:B,B24,Ledger!A:A,">="&$C$4,Ledger!A:A,"<="&C6)) | P24: =IF(B24="","",C24+SUMIFS(Ledger!E:E,Ledger!B:B,B24,Ledger!A:A,">="&$C$4,Ledger!A:A,"<="&D6)) | Q24: =IF(B24="","",C24+SUMIFS(Ledger!E:E,Ledger!B:B,B24,Ledger!A:A,">="&$C$4,Ledger!A:A,"<="&E6)) | R24: =IF(B24="","",C24+SUMIFS(Ledger!E:E,Ledger!B:B,B24,Ledger!A:A,">="&$C$4,Ledger!A:A,"<="&F6)) | S24: =IF(B24="","",C24+SUMIFS(Ledger!E:E,Ledger!B:B,B24,Ledger!A:A,">="&$C$4,Ledger!A:A,"<="&G6)) | T24: =IF(B24="","",C24+SUMIFS(Ledger!E:E,Ledger!B:B,B24,Ledger!A:A,">="&$C$4,Ledger!A:A,"<="&H6)) | U24: =IF(B24="","",C24+SUMIFS(Ledger!E:E,Ledger!B:B,B24,Ledger!A:A,">="&$C$4,Ledger!A:A,"<="&I6)) | V24: =IF(B24="","",C24+SUMIFS(Ledger!E:E,Ledger!B:B,B24,Ledger!A:A,">="&$C$4,Ledger!A:A,"<="&J6)) | W24: =IF(B24="","",C24+SUMIFS(Ledger!E:E,Ledger!B:B,B24,Ledger!A:A,">="&$C$4,Ledger!A:A,"<="&K6)) | X24: =IF(B24="","",C24+SUMIFS(Ledger!E:E,Ledger!B:B,B24,Ledger!A:A,">="&$C$4,Ledger!A:A,"<="&L6)) | Y24: =IF(B24="","",C24+SUMIFS(Ledger!E:E,Ledger!B:B,B24,Ledger!A:A,">="&$C$4,Ledger!A:A,"<="&M6))
B25: =IF(Directors!A18<>"",Directors!A18,"") | C25: =IF(B25="","",IFERROR(INDEX(Directors!B:B,MATCH(B25,Directors!A:A,0)),0)+SUMIFS(Ledger!E:E,Ledger!B:B,B25,Ledger!A:A,"<"&$C$4)) | D25: =IF(B25="","",MAX(N25:Y25)) | E25: =IF(B25="","",AVERAGE(N25:Y25)) | F25: =IF(B25="","",IF(D25>=$F$5,E25*$F$4,0)) | G25: =IF(B25="","",-SUMIFS(Ledger!E:E,Ledger!B:B,B25,Ledger!C:C,"Interest paid by director",Ledger!A:A,">="&$C$4,Ledger!A:A,"<="&$C$5)) | H25: =IF(B25="","",MAX(0,F25-G25)) | N25: =IF(B25="","",C25+SUMIFS(Ledger!E:E,Ledger!B:B,B25,Ledger!A:A,">="&$C$4,Ledger!A:A,"<="&B6)) | O25: =IF(B25="","",C25+SUMIFS(Ledger!E:E,Ledger!B:B,B25,Ledger!A:A,">="&$C$4,Ledger!A:A,"<="&C6)) | P25: =IF(B25="","",C25+SUMIFS(Ledger!E:E,Ledger!B:B,B25,Ledger!A:A,">="&$C$4,Ledger!A:A,"<="&D6)) | Q25: =IF(B25="","",C25+SUMIFS(Ledger!E:E,Ledger!B:B,B25,Ledger!A:A,">="&$C$4,Ledger!A:A,"<="&E6)) | R25: =IF(B25="","",C25+SUMIFS(Ledger!E:E,Ledger!B:B,B25,Ledger!A:A,">="&$C$4,Ledger!A:A,"<="&F6)) | S25: =IF(B25="","",C25+SUMIFS(Ledger!E:E,Ledger!B:B,B25,Ledger!A:A,">="&$C$4,Ledger!A:A,"<="&G6)) | T25: =IF(B25="","",C25+SUMIFS(Ledger!E:E,Ledger!B:B,B25,Ledger!A:A,">="&$C$4,Ledger!A:A,"<="&H6)) | U25: =IF(B25="","",C25+SUMIFS(Ledger!E:E,Ledger!B:B,B25,Ledger!A:A,">="&$C$4,Ledger!A:A,"<="&I6)) | V25: =IF(B25="","",C25+SUMIFS(Ledger!E:E,Ledger!B:B,B25,Ledger!A:A,">="&$C$4,Ledger!A:A,"<="&J6)) | W25: =IF(B25="","",C25+SUMIFS(Ledger!E:E,Ledger!B:B,B25,Ledger!A:A,">="&$C$4,Ledger!A:A,"<="&K6)) | X25: =IF(B25="","",C25+SUMIFS(Ledger!E:E,Ledger!B:B,B25,Ledger!A:A,">="&$C$4,Ledger!A:A,"<="&L6)) | Y25: =IF(B25="","",C25+SUMIFS(Ledger!E:E,Ledger!B:B,B25,Ledger!A:A,">="&$C$4,Ledger!A:A,"<="&M6))
B26: =IF(Directors!A19<>"",Directors!A19,"") | C26: =IF(B26="","",IFERROR(INDEX(Directors!B:B,MATCH(B26,Directors!A:A,0)),0)+SUMIFS(Ledger!E:E,Ledger!B:B,B26,Ledger!A:A,"<"&$C$4)) | D26: =IF(B26="","",MAX(N26:Y26)) | E26: =IF(B26="","",AVERAGE(N26:Y26)) | F26: =IF(B26="","",IF(D26>=$F$5,E26*$F$4,0)) | G26: =IF(B26="","",-SUMIFS(Ledger!E:E,Ledger!B:B,B26,Ledger!C:C,"Interest paid by director",Ledger!A:A,">="&$C$4,Ledger!A:A,"<="&$C$5)) | H26: =IF(B26="","",MAX(0,F26-G26)) | N26: =IF(B26="","",C26+SUMIFS(Ledger!E:E,Ledger!B:B,B26,Ledger!A:A,">="&$C$4,Ledger!A:A,"<="&B6)) | O26: =IF(B26="","",C26+SUMIFS(Ledger!E:E,Ledger!B:B,B26,Ledger!A:A,">="&$C$4,Ledger!A:A,"<="&C6)) | P26: =IF(B26="","",C26+SUMIFS(Ledger!E:E,Ledger!B:B,B26,Ledger!A:A,">="&$C$4,Ledger!A:A,"<="&D6)) | Q26: =IF(B26="","",C26+SUMIFS(Ledger!E:E,Ledger!B:B,B26,Ledger!A:A,">="&$C$4,Ledger!A:A,"<="&E6)) | R26: =IF(B26="","",C26+SUMIFS(Ledger!E:E,Ledger!B:B,B26,Ledger!A:A,">="&$C$4,Ledger!A:A,"<="&F6)) | S26: =IF(B26="","",C26+SUMIFS(Ledger!E:E,Ledger!B:B,B26,Ledger!A:A,">="&$C$4,Ledger!A:A,"<="&G6)) | T26: =IF(B26="","",C26+SUMIFS(Ledger!E:E,Ledger!B:B,B26,Ledger!A:A,">="&$C$4,Ledger!A:A,"<="&H6)) | U26: =IF(B26="","",C26+SUMIFS(Ledger!E:E,Ledger!B:B,B26,Ledger!A:A,">="&$C$4,Ledger!A:A,"<="&I6)) | V26: =IF(B26="","",C26+SUMIFS(Ledger!E:E,Ledger!B:B,B26,Ledger!A:A,">="&$C$4,Ledger!A:A,"<="&J6)) | W26: =IF(B26="","",C26+SUMIFS(Ledger!E:E,Ledger!B:B,B26,Ledger!A:A,">="&$C$4,Ledger!A:A,"<="&K6)) | X26: =IF(B26="","",C26+SUMIFS(Ledger!E:E,Ledger!B:B,B26,Ledger!A:A,">="&$C$4,Ledger!A:A,"<="&L6)) | Y26: =IF(B26="","",C26+SUMIFS(Ledger!E:E,Ledger!B:B,B26,Ledger!A:A,">="&$C$4,Ledger!A:A,"<="&M6))
B27: =IF(Directors!A20<>"",Directors!A20,"") | C27: =IF(B27="","",IFERROR(INDEX(Directors!B:B,MATCH(B27,Directors!A:A,0)),0)+SUMIFS(Ledger!E:E,Ledger!B:B,B27,Ledger!A:A,"<"&$C$4)) | D27: =IF(B27="","",MAX(N27:Y27)) | E27: =IF(B27="","",AVERAGE(N27:Y27)) | F27: =IF(B27="","",IF(D27>=$F$5,E27*$F$4,0)) | G27: =IF(B27="","",-SUMIFS(Ledger!E:E,Ledger!B:B,B27,Ledger!C:C,"Interest paid by director",Ledger!A:A,">="&$C$4,Ledger!A:A,"<="&$C$5)) | H27: =IF(B27="","",MAX(0,F27-G27)) | N27: =IF(B27="","",C27+SUMIFS(Ledger!E:E,Ledger!B:B,B27,Ledger!A:A,">="&$C$4,Ledger!A:A,"<="&B6)) | O27: =IF(B27="","",C27+SUMIFS(Ledger!E:E,Ledger!B:B,B27,Ledger!A:A,">="&$C$4,Ledger!A:A,"<="&C6)) | P27: =IF(B27="","",C27+SUMIFS(Ledger!E:E,Ledger!B:B,B27,Ledger!A:A,">="&$C$4,Ledger!A:A,"<="&D6)) | Q27: =IF(B27="","",C27+SUMIFS(Ledger!E:E,Ledger!B:B,B27,Ledger!A:A,">="&$C$4,Ledger!A:A,"<="&E6)) | R27: =IF(B27="","",C27+SUMIFS(Ledger!E:E,Ledger!B:B,B27,Ledger!A:A,">="&$C$4,Ledger!A:A,"<="&F6)) | S27: =IF(B27="","",C27+SUMIFS(Ledger!E:E,Ledger!B:B,B27,Ledger!A:A,">="&$C$4,Ledger!A:A,"<="&G6)) | T27: =IF(B27="","",C27+SUMIFS(Ledger!E:E,Ledger!B:B,B27,Ledger!A:A,">="&$C$4,Ledger!A:A,"<="&H6)) | U27: =IF(B27="","",C27+SUMIFS(Ledger!E:E,Ledger!B:B,B27,Ledger!A:A,">="&$C$4,Ledger!A:A,"<="&I6)) | V27: =IF(B27="","",C27+SUMIFS(Ledger!E:E,Ledger!B:B,B27,Ledger!A:A,">="&$C$4,Ledger!A:A,"<="&J6)) | W27: =IF(B27="","",C27+SUMIFS(Ledger!E:E,Ledger!B:B,B27,Ledger!A:A,">="&$C$4,Ledger!A:A,"<="&K6)) | X27: =IF(B27="","",C27+SUMIFS(Ledger!E:E,Ledger!B:B,B27,Ledger!A:A,">="&$C$4,Ledger!A:A,"<="&L6)) | Y27: =IF(B27="","",C27+SUMIFS(Ledger!E:E,Ledger!B:B,B27,Ledger!A:A,">="&$C$4,Ledger!A:A,"<="&M6))
B28: =IF(Directors!A21<>"",Directors!A21,"") | C28: =IF(B28="","",IFERROR(INDEX(Directors!B:B,MATCH(B28,Directors!A:A,0)),0)+SUMIFS(Ledger!E:E,Ledger!B:B,B28,Ledger!A:A,"<"&$C$4)) | D28: =IF(B28="","",MAX(N28:Y28)) | E28: =IF(B28="","",AVERAGE(N28:Y28)) | F28: =IF(B28="","",IF(D28>=$F$5,E28*$F$4,0)) | G28: =IF(B28="","",-SUMIFS(Ledger!E:E,Ledger!B:B,B28,Ledger!C:C,"Interest paid by director",Ledger!A:A,">="&$C$4,Ledger!A:A,"<="&$C$5)) | H28: =IF(B28="","",MAX(0,F28-G28)) | N28: =IF(B28="","",C28+SUMIFS(Ledger!E:E,Ledger!B:B,B28,Ledger!A:A,">="&$C$4,Ledger!A:A,"<="&B6)) | O28: =IF(B28="","",C28+SUMIFS(Ledger!E:E,Ledger!B:B,B28,Ledger!A:A,">="&$C$4,Ledger!A:A,"<="&C6)) | P28: =IF(B28="","",C28+SUMIFS(Ledger!E:E,Ledger!B:B,B28,Ledger!A:A,">="&$C$4,Ledger!A:A,"<="&D6)) | Q28: =IF(B28="","",C28+SUMIFS(Ledger!E:E,Ledger!B:B,B28,Ledger!A:A,">="&$C$4,Ledger!A:A,"<="&E6)) | R28: =IF(B28="","",C28+SUMIFS(Ledger!E:E,Ledger!B:B,B28,Ledger!A:A,">="&$C$4,Ledger!A:A,"<="&F6)) | S28: =IF(B28="","",C28+SUMIFS(Ledger!E:E,Ledger!B:B,B28,Ledger!A:A,">="&$C$4,Ledger!A:A,"<="&G6)) | T28: =IF(B28="","",C28+SUMIFS(Ledger!E:E,Ledger!B:B,B28,Ledger!A:A,">="&$C$4,Ledger!A:A,"<="&H6)) | U28: =IF(B28="","",C28+SUMIFS(Ledger!E:E,Ledger!B:B,B28,Ledger!A:A,">="&$C$4,Ledger!A:A,"<="&I6)) | V28: =IF(B28="","",C28+SUMIFS(Ledger!E:E,Ledger!B:B,B28,Ledger!A:A,">="&$C$4,Ledger!A:A,"<="&J6)) | W28: =IF(B28="","",C28+SUMIFS(Ledger!E:E,Ledger!B:B,B28,Ledger!A:A,">="&$C$4,Ledger!A:A,"<="&K6)) | X28: =IF(B28="","",C28+SUMIFS(Ledger!E:E,Ledger!B:B,B28,Ledger!A:A,">="&$C$4,Ledger!A:A,"<="&L6)) | Y28: =IF(B28="","",C28+SUMIFS(Ledger!E:E,Ledger!B:B,B28,Ledger!A:A,">="&$C$4,Ledger!A:A,"<="&M6))
B29: =IF(Directors!A22<>"",Directors!A22,"") | C29: =IF(B29="","",IFERROR(INDEX(Directors!B:B,MATCH(B29,Directors!A:A,0)),0)+SUMIFS(Ledger!E:E,Ledger!B:B,B29,Ledger!A:A,"<"&$C$4)) | D29: =IF(B29="","",MAX(N29:Y29)) | E29: =IF(B29="","",AVERAGE(N29:Y29)) | F29: =IF(B29="","",IF(D29>=$F$5,E29*$F$4,0)) | G29: =IF(B29="","",-SUMIFS(Ledger!E:E,Ledger!B:B,B29,Ledger!C:C,"Interest paid by director",Ledger!A:A,">="&$C$4,Ledger!A:A,"<="&$C$5)) | H29: =IF(B29="","",MAX(0,F29-G29)) | N29: =IF(B29="","",C29+SUMIFS(Ledger!E:E,Ledger!B:B,B29,Ledger!A:A,">="&$C$4,Ledger!A:A,"<="&B6)) | O29: =IF(B29="","",C29+SUMIFS(Ledger!E:E,Ledger!B:B,B29,Ledger!A:A,">="&$C$4,Ledger!A:A,"<="&C6)) | P29: =IF(B29="","",C29+SUMIFS(Ledger!E:E,Ledger!B:B,B29,Ledger!A:A,">="&$C$4,Ledger!A:A,"<="&D6)) | Q29: =IF(B29="","",C29+SUMIFS(Ledger!E:E,Ledger!B:B,B29,Ledger!A:A,">="&$C$4,Ledger!A:A,"<="&E6)) | R29: =IF(B29="","",C29+SUMIFS(Ledger!E:E,Ledger!B:B,B29,Ledger!A:A,">="&$C$4,Ledger!A:A,"<="&F6)) | S29: =IF(B29="","",C29+SUMIFS(Ledger!E:E,Ledger!B:B,B29,Ledger!A:A,">="&$C$4,Ledger!A:A,"<="&G6)) | T29: =IF(B29="","",C29+SUMIFS(Ledger!E:E,Ledger!B:B,B29,Ledger!A:A,">="&$C$4,Ledger!A:A,"<="&H6)) | U29: =IF(B29="","",C29+SUMIFS(Ledger!E:E,Ledger!B:B,B29,Ledger!A:A,">="&$C$4,Ledger!A:A,"<="&I6)) | V29: =IF(B29="","",C29+SUMIFS(Ledger!E:E,Ledger!B:B,B29,Ledger!A:A,">="&$C$4,Ledger!A:A,"<="&J6)) | W29: =IF(B29="","",C29+SUMIFS(Ledger!E:E,Ledger!B:B,B29,Ledger!A:A,">="&$C$4,Ledger!A:A,"<="&K6)) | X29: =IF(B29="","",C29+SUMIFS(Ledger!E:E,Ledger!B:B,B29,Ledger!A:A,">="&$C$4,Ledger!A:A,"<="&L6)) | Y29: =IF(B29="","",C29+SUMIFS(Ledger!E:E,Ledger!B:B,B29,Ledger!A:A,">="&$C$4,Ledger!A:A,"<="&M6))
B30: =IF(Directors!A23<>"",Directors!A23,"") | C30: =IF(B30="","",IFERROR(INDEX(Directors!B:B,MATCH(B30,Directors!A:A,0)),0)+SUMIFS(Ledger!E:E,Ledger!B:B,B30,Ledger!A:A,"<"&$C$4)) | D30: =IF(B30="","",MAX(N30:Y30)) | E30: =IF(B30="","",AVERAGE(N30:Y30)) | F30: =IF(B30="","",IF(D30>=$F$5,E30*$F$4,0)) | G30: =IF(B30="","",-SUMIFS(Ledger!E:E,Ledger!B:B,B30,Ledger!C:C,"Interest paid by director",Ledger!A:A,">="&$C$4,Ledger!A:A,"<="&$C$5)) | H30: =IF(B30="","",MAX(0,F30-G30)) | N30: =IF(B30="","",C30+SUMIFS(Ledger!E:E,Ledger!B:B,B30,Ledger!A:A,">="&$C$4,Ledger!A:A,"<="&B6)) | O30: =IF(B30="","",C30+SUMIFS(Ledger!E:E,Ledger!B:B,B30,Ledger!A:A,">="&$C$4,Ledger!A:A,"<="&C6)) | P30: =IF(B30="","",C30+SUMIFS(Ledger!E:E,Ledger!B:B,B30,Ledger!A:A,">="&$C$4,Ledger!A:A,"<="&D6)) | Q30: =IF(B30="","",C30+SUMIFS(Ledger!E:E,Ledger!B:B,B30,Ledger!A:A,">="&$C$4,Ledger!A:A,"<="&E6)) | R30: =IF(B30="","",C30+SUMIFS(Ledger!E:E,Ledger!B:B,B30,Ledger!A:A,">="&$C$4,Ledger!A:A,"<="&F6)) | S30: =IF(B30="","",C30+SUMIFS(Ledger!E:E,Ledger!B:B,B30,Ledger!A:A,">="&$C$4,Ledger!A:A,"<="&G6)) | T30: =IF(B30="","",C30+SUMIFS(Ledger!E:E,Ledger!B:B,B30,Ledger!A:A,">="&$C$4,Ledger!A:A,"<="&H6)) | U30: =IF(B30="","",C30+SUMIFS(Ledger!E:E,Ledger!B:B,B30,Ledger!A:A,">="&$C$4,Ledger!A:A,"<="&I6)) | V30: =IF(B30="","",C30+SUMIFS(Ledger!E:E,Ledger!B:B,B30,Ledger!A:A,">="&$C$4,Ledger!A:A,"<="&J6)) | W30: =IF(B30="","",C30+SUMIFS(Ledger!E:E,Ledger!B:B,B30,Ledger!A:A,">="&$C$4,Ledger!A:A,"<="&K6)) | X30: =IF(B30="","",C30+SUMIFS(Ledger!E:E,Ledger!B:B,B30,Ledger!A:A,">="&$C$4,Ledger!A:A,"<="&L6)) | Y30: =IF(B30="","",C30+SUMIFS(Ledger!E:E,Ledger!B:B,B30,Ledger!A:A,">="&$C$4,Ledger!A:A,"<="&M6))
B31: =IF(Directors!A24<>"",Directors!A24,"") | C31: =IF(B31="","",IFERROR(INDEX(Directors!B:B,MATCH(B31,Directors!A:A,0)),0)+SUMIFS(Ledger!E:E,Ledger!B:B,B31,Ledger!A:A,"<"&$C$4)) | D31: =IF(B31="","",MAX(N31:Y31)) | E31: =IF(B31="","",AVERAGE(N31:Y31)) | F31: =IF(B31="","",IF(D31>=$F$5,E31*$F$4,0)) | G31: =IF(B31="","",-SUMIFS(Ledger!E:E,Ledger!B:B,B31,Ledger!C:C,"Interest paid by director",Ledger!A:A,">="&$C$4,Ledger!A:A,"<="&$C$5)) | H31: =IF(B31="","",MAX(0,F31-G31)) | N31: =IF(B31="","",C31+SUMIFS(Ledger!E:E,Ledger!B:B,B31,Ledger!A:A,">="&$C$4,Ledger!A:A,"<="&B6)) | O31: =IF(B31="","",C31+SUMIFS(Ledger!E:E,Ledger!B:B,B31,Ledger!A:A,">="&$C$4,Ledger!A:A,"<="&C6)) | P31: =IF(B31="","",C31+SUMIFS(Ledger!E:E,Ledger!B:B,B31,Ledger!A:A,">="&$C$4,Ledger!A:A,"<="&D6)) | Q31: =IF(B31="","",C31+SUMIFS(Ledger!E:E,Ledger!B:B,B31,Ledger!A:A,">="&$C$4,Ledger!A:A,"<="&E6)) | R31: =IF(B31="","",C31+SUMIFS(Ledger!E:E,Ledger!B:B,B31,Ledger!A:A,">="&$C$4,Ledger!A:A,"<="&F6)) | S31: =IF(B31="","",C31+SUMIFS(Ledger!E:E,Ledger!B:B,B31,Ledger!A:A,">="&$C$4,Ledger!A:A,"<="&G6)) | T31: =IF(B31="","",C31+SUMIFS(Ledger!E:E,Ledger!B:B,B31,Ledger!A:A,">="&$C$4,Ledger!A:A,"<="&H6)) | U31: =IF(B31="","",C31+SUMIFS(Ledger!E:E,Ledger!B:B,B31,Ledger!A:A,">="&$C$4,Ledger!A:A,"<="&I6)) | V31: =IF(B31="","",C31+SUMIFS(Ledger!E:E,Ledger!B:B,B31,Ledger!A:A,">="&$C$4,Ledger!A:A,"<="&J6)) | W31: =IF(B31="","",C31+SUMIFS(Ledger!E:E,Ledger!B:B,B31,Ledger!A:A,">="&$C$4,Ledger!A:A,"<="&K6)) | X31: =IF(B31="","",C31+SUMIFS(Ledger!E:E,Ledger!B:B,B31,Ledger!A:A,">="&$C$4,Ledger!A:A,"<="&L6)) | Y31: =IF(B31="","",C31+SUMIFS(Ledger!E:E,Ledger!B:B,B31,Ledger!A:A,">="&$C$4,Ledger!A:A,"<="&M6))
B32: =IF(Directors!A25<>"",Directors!A25,"") | C32: =IF(B32="","",IFERROR(INDEX(Directors!B:B,MATCH(B32,Directors!A:A,0)),0)+SUMIFS(Ledger!E:E,Ledger!B:B,B32,Ledger!A:A,"<"&$C$4)) | D32: =IF(B32="","",MAX(N32:Y32)) | E32: =IF(B32="","",AVERAGE(N32:Y32)) | F32: =IF(B32="","",IF(D32>=$F$5,E32*$F$4,0)) | G32: =IF(B32="","",-SUMIFS(Ledger!E:E,Ledger!B:B,B32,Ledger!C:C,"Interest paid by director",Ledger!A:A,">="&$C$4,Ledger!A:A,"<="&$C$5)) | H32: =IF(B32="","",MAX(0,F32-G32)) | N32: =IF(B32="","",C32+SUMIFS(Ledger!E:E,Ledger!B:B,B32,Ledger!A:A,">="&$C$4,Ledger!A:A,"<="&B6)) | O32: =IF(B32="","",C32+SUMIFS(Ledger!E:E,Ledger!B:B,B32,Ledger!A:A,">="&$C$4,Ledger!A:A,"<="&C6)) | P32: =IF(B32="","",C32+SUMIFS(Ledger!E:E,Ledger!B:B,B32,Ledger!A:A,">="&$C$4,Ledger!A:A,"<="&D6)) | Q32: =IF(B32="","",C32+SUMIFS(Ledger!E:E,Ledger!B:B,B32,Ledger!A:A,">="&$C$4,Ledger!A:A,"<="&E6)) | R32: =IF(B32="","",C32+SUMIFS(Ledger!E:E,Ledger!B:B,B32,Ledger!A:A,">="&$C$4,Ledger!A:A,"<="&F6)) | S32: =IF(B32="","",C32+SUMIFS(Ledger!E:E,Ledger!B:B,B32,Ledger!A:A,">="&$C$4,Ledger!A:A,"<="&G6)) | T32: =IF(B32="","",C32+SUMIFS(Ledger!E:E,Ledger!B:B,B32,Ledger!A:A,">="&$C$4,Ledger!A:A,"<="&H6)) | U32: =IF(B32="","",C32+SUMIFS(Ledger!E:E,Ledger!B:B,B32,Ledger!A:A,">="&$C$4,Ledger!A:A,"<="&I6)) | V32: =IF(B32="","",C32+SUMIFS(Ledger!E:E,Ledger!B:B,B32,Ledger!A:A,">="&$C$4,Ledger!A:A,"<="&J6)) | W32: =IF(B32="","",C32+SUMIFS(Ledger!E:E,Ledger!B:B,B32,Ledger!A:A,">="&$C$4,Ledger!A:A,"<="&K6)) | X32: =IF(B32="","",C32+SUMIFS(Ledger!E:E,Ledger!B:B,B32,Ledger!A:A,">="&$C$4,Ledger!A:A,"<="&L6)) | Y32: =IF(B32="","",C32+SUMIFS(Ledger!E:E,Ledger!B:B,B32,Ledger!A:A,">="&$C$4,Ledger!A:A,"<="&M6))
B33: =IF(Directors!A26<>"",Directors!A26,"") | C33: =IF(B33="","",IFERROR(INDEX(Directors!B:B,MATCH(B33,Directors!A:A,0)),0)+SUMIFS(Ledger!E:E,Ledger!B:B,B33,Ledger!A:A,"<"&$C$4)) | D33: =IF(B33="","",MAX(N33:Y33)) | E33: =IF(B33="","",AVERAGE(N33:Y33)) | F33: =IF(B33="","",IF(D33>=$F$5,E33*$F$4,0)) | G33: =IF(B33="","",-SUMIFS(Ledger!E:E,Ledger!B:B,B33,Ledger!C:C,"Interest paid by director",Ledger!A:A,">="&$C$4,Ledger!A:A,"<="&$C$5)) | H33: =IF(B33="","",MAX(0,F33-G33)) | N33: =IF(B33="","",C33+SUMIFS(Ledger!E:E,Ledger!B:B,B33,Ledger!A:A,">="&$C$4,Ledger!A:A,"<="&B6)) | O33: =IF(B33="","",C33+SUMIFS(Ledger!E:E,Ledger!B:B,B33,Ledger!A:A,">="&$C$4,Ledger!A:A,"<="&C6)) | P33: =IF(B33="","",C33+SUMIFS(Ledger!E:E,Ledger!B:B,B33,Ledger!A:A,">="&$C$4,Ledger!A:A,"<="&D6)) | Q33: =IF(B33="","",C33+SUMIFS(Ledger!E:E,Ledger!B:B,B33,Ledger!A:A,">="&$C$4,Ledger!A:A,"<="&E6)) | R33: =IF(B33="","",C33+SUMIFS(Ledger!E:E,Ledger!B:B,B33,Ledger!A:A,">="&$C$4,Ledger!A:A,"<="&F6)) | S33: =IF(B33="","",C33+SUMIFS(Ledger!E:E,Ledger!B:B,B33,Ledger!A:A,">="&$C$4,Ledger!A:A,"<="&G6)) | T33: =IF(B33="","",C33+SUMIFS(Ledger!E:E,Ledger!B:B,B33,Ledger!A:A,">="&$C$4,Ledger!A:A,"<="&H6)) | U33: =IF(B33="","",C33+SUMIFS(Ledger!E:E,Ledger!B:B,B33,Ledger!A:A,">="&$C$4,Ledger!A:A,"<="&I6)) | V33: =IF(B33="","",C33+SUMIFS(Ledger!E:E,Ledger!B:B,B33,Ledger!A:A,">="&$C$4,Ledger!A:A,"<="&J6)) | W33: =IF(B33="","",C33+SUMIFS(Ledger!E:E,Ledger!B:B,B33,Ledger!A:A,">="&$C$4,Ledger!A:A,"<="&K6)) | X33: =IF(B33="","",C33+SUMIFS(Ledger!E:E,Ledger!B:B,B33,Ledger!A:A,">="&$C$4,Ledger!A:A,"<="&L6)) | Y33: =IF(B33="","",C33+SUMIFS(Ledger!E:E,Ledger!B:B,B33,Ledger!A:A,">="&$C$4,Ledger!A:A,"<="&M6))
B34: =IF(Directors!A27<>"",Directors!A27,"") | C34: =IF(B34="","",IFERROR(INDEX(Directors!B:B,MATCH(B34,Directors!A:A,0)),0)+SUMIFS(Ledger!E:E,Ledger!B:B,B34,Ledger!A:A,"<"&$C$4)) | D34: =IF(B34="","",MAX(N34:Y34)) | E34: =IF(B34="","",AVERAGE(N34:Y34)) | F34: =IF(B34="","",IF(D34>=$F$5,E34*$F$4,0)) | G34: =IF(B34="","",-SUMIFS(Ledger!E:E,Ledger!B:B,B34,Ledger!C:C,"Interest paid by director",Ledger!A:A,">="&$C$4,Ledger!A:A,"<="&$C$5)) | H34: =IF(B34="","",MAX(0,F34-G34)) | N34: =IF(B34="","",C34+SUMIFS(Ledger!E:E,Ledger!B:B,B34,Ledger!A:A,">="&$C$4,Ledger!A:A,"<="&B6)) | O34: =IF(B34="","",C34+SUMIFS(Ledger!E:E,Ledger!B:B,B34,Ledger!A:A,">="&$C$4,Ledger!A:A,"<="&C6)) | P34: =IF(B34="","",C34+SUMIFS(Ledger!E:E,Ledger!B:B,B34,Ledger!A:A,">="&$C$4,Ledger!A:A,"<="&D6)) | Q34: =IF(B34="","",C34+SUMIFS(Ledger!E:E,Ledger!B:B,B34,Ledger!A:A,">="&$C$4,Ledger!A:A,"<="&E6)) | R34: =IF(B34="","",C34+SUMIFS(Ledger!E:E,Ledger!B:B,B34,Ledger!A:A,">="&$C$4,Ledger!A:A,"<="&F6)) | S34: =IF(B34="","",C34+SUMIFS(Ledger!E:E,Ledger!B:B,B34,Ledger!A:A,">="&$C$4,Ledger!A:A,"<="&G6)) | T34: =IF(B34="","",C34+SUMIFS(Ledger!E:E,Ledger!B:B,B34,Ledger!A:A,">="&$C$4,Ledger!A:A,"<="&H6)) | U34: =IF(B34="","",C34+SUMIFS(Ledger!E:E,Ledger!B:B,B34,Ledger!A:A,">="&$C$4,Ledger!A:A,"<="&I6)) | V34: =IF(B34="","",C34+SUMIFS(Ledger!E:E,Ledger!B:B,B34,Ledger!A:A,">="&$C$4,Ledger!A:A,"<="&J6)) | W34: =IF(B34="","",C34+SUMIFS(Ledger!E:E,Ledger!B:B,B34,Ledger!A:A,">="&$C$4,Ledger!A:A,"<="&K6)) | X34: =IF(B34="","",C34+SUMIFS(Ledger!E:E,Ledger!B:B,B34,Ledger!A:A,">="&$C$4,Ledger!A:A,"<="&L6)) | Y34: =IF(B34="","",C34+SUMIFS(Ledger!E:E,Ledger!B:B,B34,Ledger!A:A,">="&$C$4,Ledger!A:A,"<="&M6))
B35: =IF(Directors!A28<>"",Directors!A28,"") | C35: =IF(B35="","",IFERROR(INDEX(Directors!B:B,MATCH(B35,Directors!A:A,0)),0)+SUMIFS(Ledger!E:E,Ledger!B:B,B35,Ledger!A:A,"<"&$C$4)) | D35: =IF(B35="","",MAX(N35:Y35)) | E35: =IF(B35="","",AVERAGE(N35:Y35)) | F35: =IF(B35="","",IF(D35>=$F$5,E35*$F$4,0)) | G35: =IF(B35="","",-SUMIFS(Ledger!E:E,Ledger!B:B,B35,Ledger!C:C,"Interest paid by director",Ledger!A:A,">="&$C$4,Ledger!A:A,"<="&$C$5)) | H35: =IF(B35="","",MAX(0,F35-G35)) | N35: =IF(B35="","",C35+SUMIFS(Ledger!E:E,Ledger!B:B,B35,Ledger!A:A,">="&$C$4,Ledger!A:A,"<="&B6)) | O35: =IF(B35="","",C35+SUMIFS(Ledger!E:E,Ledger!B:B,B35,Ledger!A:A,">="&$C$4,Ledger!A:A,"<="&C6)) | P35: =IF(B35="","",C35+SUMIFS(Ledger!E:E,Ledger!B:B,B35,Ledger!A:A,">="&$C$4,Ledger!A:A,"<="&D6)) | Q35: =IF(B35="","",C35+SUMIFS(Ledger!E:E,Ledger!B:B,B35,Ledger!A:A,">="&$C$4,Ledger!A:A,"<="&E6)) | R35: =IF(B35="","",C35+SUMIFS(Ledger!E:E,Ledger!B:B,B35,Ledger!A:A,">="&$C$4,Ledger!A:A,"<="&F6)) | S35: =IF(B35="","",C35+SUMIFS(Ledger!E:E,Ledger!B:B,B35,Ledger!A:A,">="&$C$4,Ledger!A:A,"<="&G6)) | T35: =IF(B35="","",C35+SUMIFS(Ledger!E:E,Ledger!B:B,B35,Ledger!A:A,">="&$C$4,Ledger!A:A,"<="&H6)) | U35: =IF(B35="","",C35+SUMIFS(Ledger!E:E,Ledger!B:B,B35,Ledger!A:A,">="&$C$4,Ledger!A:A,"<="&I6)) | V35: =IF(B35="","",C35+SUMIFS(Ledger!E:E,Ledger!B:B,B35,Ledger!A:A,">="&$C$4,Ledger!A:A,"<="&J6)) | W35: =IF(B35="","",C35+SUMIFS(Ledger!E:E,Ledger!B:B,B35,Ledger!A:A,">="&$C$4,Ledger!A:A,"<="&K6)) | X35: =IF(B35="","",C35+SUMIFS(Ledger!E:E,Ledger!B:B,B35,Ledger!A:A,">="&$C$4,Ledger!A:A,"<="&L6)) | Y35: =IF(B35="","",C35+SUMIFS(Ledger!E:E,Ledger!B:B,B35,Ledger!A:A,">="&$C$4,Ledger!A:A,"<="&M6))
B36: =IF(Directors!A29<>"",Directors!A29,"") | C36: =IF(B36="","",IFERROR(INDEX(Directors!B:B,MATCH(B36,Directors!A:A,0)),0)+SUMIFS(Ledger!E:E,Ledger!B:B,B36,Ledger!A:A,"<"&$C$4)) | D36: =IF(B36="","",MAX(N36:Y36)) | E36: =IF(B36="","",AVERAGE(N36:Y36)) | F36: =IF(B36="","",IF(D36>=$F$5,E36*$F$4,0)) | G36: =IF(B36="","",-SUMIFS(Ledger!E:E,Ledger!B:B,B36,Ledger!C:C,"Interest paid by director",Ledger!A:A,">="&$C$4,Ledger!A:A,"<="&$C$5)) | H36: =IF(B36="","",MAX(0,F36-G36)) | N36: =IF(B36="","",C36+SUMIFS(Ledger!E:E,Ledger!B:B,B36,Ledger!A:A,">="&$C$4,Ledger!A:A,"<="&B6)) | O36: =IF(B36="","",C36+SUMIFS(Ledger!E:E,Ledger!B:B,B36,Ledger!A:A,">="&$C$4,Ledger!A:A,"<="&C6)) | P36: =IF(B36="","",C36+SUMIFS(Ledger!E:E,Ledger!B:B,B36,Ledger!A:A,">="&$C$4,Ledger!A:A,"<="&D6)) | Q36: =IF(B36="","",C36+SUMIFS(Ledger!E:E,Ledger!B:B,B36,Ledger!A:A,">="&$C$4,Ledger!A:A,"<="&E6)) | R36: =IF(B36="","",C36+SUMIFS(Ledger!E:E,Ledger!B:B,B36,Ledger!A:A,">="&$C$4,Ledger!A:A,"<="&F6)) | S36: =IF(B36="","",C36+SUMIFS(Ledger!E:E,Ledger!B:B,B36,Ledger!A:A,">="&$C$4,Ledger!A:A,"<="&G6)) | T36: =IF(B36="","",C36+SUMIFS(Ledger!E:E,Ledger!B:B,B36,Ledger!A:A,">="&$C$4,Ledger!A:A,"<="&H6)) | U36: =IF(B36="","",C36+SUMIFS(Ledger!E:E,Ledger!B:B,B36,Ledger!A:A,">="&$C$4,Ledger!A:A,"<="&I6)) | V36: =IF(B36="","",C36+SUMIFS(Ledger!E:E,Ledger!B:B,B36,Ledger!A:A,">="&$C$4,Ledger!A:A,"<="&J6)) | W36: =IF(B36="","",C36+SUMIFS(Ledger!E:E,Ledger!B:B,B36,Ledger!A:A,">="&$C$4,Ledger!A:A,"<="&K6)) | X36: =IF(B36="","",C36+SUMIFS(Ledger!E:E,Ledger!B:B,B36,Ledger!A:A,">="&$C$4,Ledger!A:A,"<="&L6)) | Y36: =IF(B36="","",C36+SUMIFS(Ledger!E:E,Ledger!B:B,B36,Ledger!A:A,">="&$C$4,Ledger!A:A,"<="&M6))
B37: =IF(Directors!A30<>"",Directors!A30,"") | C37: =IF(B37="","",IFERROR(INDEX(Directors!B:B,MATCH(B37,Directors!A:A,0)),0)+SUMIFS(Ledger!E:E,Ledger!B:B,B37,Ledger!A:A,"<"&$C$4)) | D37: =IF(B37="","",MAX(N37:Y37)) | E37: =IF(B37="","",AVERAGE(N37:Y37)) | F37: =IF(B37="","",IF(D37>=$F$5,E37*$F$4,0)) | G37: =IF(B37="","",-SUMIFS(Ledger!E:E,Ledger!B:B,B37,Ledger!C:C,"Interest paid by director",Ledger!A:A,">="&$C$4,Ledger!A:A,"<="&$C$5)) | H37: =IF(B37="","",MAX(0,F37-G37)) | N37: =IF(B37="","",C37+SUMIFS(Ledger!E:E,Ledger!B:B,B37,Ledger!A:A,">="&$C$4,Ledger!A:A,"<="&B6)) | O37: =IF(B37="","",C37+SUMIFS(Ledger!E:E,Ledger!B:B,B37,Ledger!A:A,">="&$C$4,Ledger!A:A,"<="&C6)) | P37: =IF(B37="","",C37+SUMIFS(Ledger!E:E,Ledger!B:B,B37,Ledger!A:A,">="&$C$4,Ledger!A:A,"<="&D6)) | Q37: =IF(B37="","",C37+SUMIFS(Ledger!E:E,Ledger!B:B,B37,Ledger!A:A,">="&$C$4,Ledger!A:A,"<="&E6)) | R37: =IF(B37="","",C37+SUMIFS(Ledger!E:E,Ledger!B:B,B37,Ledger!A:A,">="&$C$4,Ledger!A:A,"<="&F6)) | S37: =IF(B37="","",C37+SUMIFS(Ledger!E:E,Ledger!B:B,B37,Ledger!A:A,">="&$C$4,Ledger!A:A,"<="&G6)) | T37: =IF(B37="","",C37+SUMIFS(Ledger!E:E,Ledger!B:B,B37,Ledger!A:A,">="&$C$4,Ledger!A:A,"<="&H6)) | U37: =IF(B37="","",C37+SUMIFS(Ledger!E:E,Ledger!B:B,B37,Ledger!A:A,">="&$C$4,Ledger!A:A,"<="&I6)) | V37: =IF(B37="","",C37+SUMIFS(Ledger!E:E,Ledger!B:B,B37,Ledger!A:A,">="&$C$4,Ledger!A:A,"<="&J6)) | W37: =IF(B37="","",C37+SUMIFS(Ledger!E:E,Ledger!B:B,B37,Ledger!A:A,">="&$C$4,Ledger!A:A,"<="&K6)) | X37: =IF(B37="","",C37+SUMIFS(Ledger!E:E,Ledger!B:B,B37,Ledger!A:A,">="&$C$4,Ledger!A:A,"<="&L6)) | Y37: =IF(B37="","",C37+SUMIFS(Ledger!E:E,Ledger!B:B,B37,Ledger!A:A,">="&$C$4,Ledger!A:A,"<="&M6))
B38: =IF(Directors!A31<>"",Directors!A31,"") | C38: =IF(B38="","",IFERROR(INDEX(Directors!B:B,MATCH(B38,Directors!A:A,0)),0)+SUMIFS(Ledger!E:E,Ledger!B:B,B38,Ledger!A:A,"<"&$C$4)) | D38: =IF(B38="","",MAX(N38:Y38)) | E38: =IF(B38="","",AVERAGE(N38:Y38)) | F38: =IF(B38="","",IF(D38>=$F$5,E38*$F$4,0)) | G38: =IF(B38="","",-SUMIFS(Ledger!E:E,Ledger!B:B,B38,Ledger!C:C,"Interest paid by director",Ledger!A:A,">="&$C$4,Ledger!A:A,"<="&$C$5)) | H38: =IF(B38="","",MAX(0,F38-G38)) | N38: =IF(B38="","",C38+SUMIFS(Ledger!E:E,Ledger!B:B,B38,Ledger!A:A,">="&$C$4,Ledger!A:A,"<="&B6)) | O38: =IF(B38="","",C38+SUMIFS(Ledger!E:E,Ledger!B:B,B38,Ledger!A:A,">="&$C$4,Ledger!A:A,"<="&C6)) | P38: =IF(B38="","",C38+SUMIFS(Ledger!E:E,Ledger!B:B,B38,Ledger!A:A,">="&$C$4,Ledger!A:A,"<="&D6)) | Q38: =IF(B38="","",C38+SUMIFS(Ledger!E:E,Ledger!B:B,B38,Ledger!A:A,">="&$C$4,Ledger!A:A,"<="&E6)) | R38: =IF(B38="","",C38+SUMIFS(Ledger!E:E,Ledger!B:B,B38,Ledger!A:A,">="&$C$4,Ledger!A:A,"<="&F6)) | S38: =IF(B38="","",C38+SUMIFS(Ledger!E:E,Ledger!B:B,B38,Ledger!A:A,">="&$C$4,Ledger!A:A,"<="&G6)) | T38: =IF(B38="","",C38+SUMIFS(Ledger!E:E,Ledger!B:B,B38,Ledger!A:A,">="&$C$4,Ledger!A:A,"<="&H6)) | U38: =IF(B38="","",C38+SUMIFS(Ledger!E:E,Ledger!B:B,B38,Ledger!A:A,">="&$C$4,Ledger!A:A,"<="&I6)) | V38: =IF(B38="","",C38+SUMIFS(Ledger!E:E,Ledger!B:B,B38,Ledger!A:A,">="&$C$4,Ledger!A:A,"<="&J6)) | W38: =IF(B38="","",C38+SUMIFS(Ledger!E:E,Ledger!B:B,B38,Ledger!A:A,">="&$C$4,Ledger!A:A,"<="&K6)) | X38: =IF(B38="","",C38+SUMIFS(Ledger!E:E,Ledger!B:B,B38,Ledger!A:A,">="&$C$4,Ledger!A:A,"<="&L6)) | Y38: =IF(B38="","",C38+SUMIFS(Ledger!E:E,Ledger!B:B,B38,Ledger!A:A,">="&$C$4,Ledger!A:A,"<="&M6))
B39: =IF(Directors!A32<>"",Directors!A32,"") | C39: =IF(B39="","",IFERROR(INDEX(Directors!B:B,MATCH(B39,Directors!A:A,0)),0)+SUMIFS(Ledger!E:E,Ledger!B:B,B39,Ledger!A:A,"<"&$C$4)) | D39: =IF(B39="","",MAX(N39:Y39)) | E39: =IF(B39="","",AVERAGE(N39:Y39)) | F39: =IF(B39="","",IF(D39>=$F$5,E39*$F$4,0)) | G39: =IF(B39="","",-SUMIFS(Ledger!E:E,Ledger!B:B,B39,Ledger!C:C,"Interest paid by director",Ledger!A:A,">="&$C$4,Ledger!A:A,"<="&$C$5)) | H39: =IF(B39="","",MAX(0,F39-G39)) | N39: =IF(B39="","",C39+SUMIFS(Ledger!E:E,Ledger!B:B,B39,Ledger!A:A,">="&$C$4,Ledger!A:A,"<="&B6)) | O39: =IF(B39="","",C39+SUMIFS(Ledger!E:E,Ledger!B:B,B39,Ledger!A:A,">="&$C$4,Ledger!A:A,"<="&C6)) | P39: =IF(B39="","",C39+SUMIFS(Ledger!E:E,Ledger!B:B,B39,Ledger!A:A,">="&$C$4,Ledger!A:A,"<="&D6)) | Q39: =IF(B39="","",C39+SUMIFS(Ledger!E:E,Ledger!B:B,B39,Ledger!A:A,">="&$C$4,Ledger!A:A,"<="&E6)) | R39: =IF(B39="","",C39+SUMIFS(Ledger!E:E,Ledger!B:B,B39,Ledger!A:A,">="&$C$4,Ledger!A:A,"<="&F6)) | S39: =IF(B39="","",C39+SUMIFS(Ledger!E:E,Ledger!B:B,B39,Ledger!A:A,">="&$C$4,Ledger!A:A,"<="&G6)) | T39: =IF(B39="","",C39+SUMIFS(Ledger!E:E,Ledger!B:B,B39,Ledger!A:A,">="&$C$4,Ledger!A:A,"<="&H6)) | U39: =IF(B39="","",C39+SUMIFS(Ledger!E:E,Ledger!B:B,B39,Ledger!A:A,">="&$C$4,Ledger!A:A,"<="&I6)) | V39: =IF(B39="","",C39+SUMIFS(Ledger!E:E,Ledger!B:B,B39,Ledger!A:A,">="&$C$4,Ledger!A:A,"<="&J6)) | W39: =IF(B39="","",C39+SUMIFS(Ledger!E:E,Ledger!B:B,B39,Ledger!A:A,">="&$C$4,Ledger!A:A,"<="&K6)) | X39: =IF(B39="","",C39+SUMIFS(Ledger!E:E,Ledger!B:B,B39,Ledger!A:A,">="&$C$4,Ledger!A:A,"<="&L6)) | Y39: =IF(B39="","",C39+SUMIFS(Ledger!E:E,Ledger!B:B,B39,Ledger!A:A,">="&$C$4,Ledger!A:A,"<="&M6))
B40: =IF(Directors!A33<>"",Directors!A33,"") | C40: =IF(B40="","",IFERROR(INDEX(Directors!B:B,MATCH(B40,Directors!A:A,0)),0)+SUMIFS(Ledger!E:E,Ledger!B:B,B40,Ledger!A:A,"<"&$C$4)) | D40: =IF(B40="","",MAX(N40:Y40)) | E40: =IF(B40="","",AVERAGE(N40:Y40)) | F40: =IF(B40="","",IF(D40>=$F$5,E40*$F$4,0)) | G40: =IF(B40="","",-SUMIFS(Ledger!E:E,Ledger!B:B,B40,Ledger!C:C,"Interest paid by director",Ledger!A:A,">="&$C$4,Ledger!A:A,"<="&$C$5)) | H40: =IF(B40="","",MAX(0,F40-G40)) | N40: =IF(B40="","",C40+SUMIFS(Ledger!E:E,Ledger!B:B,B40,Ledger!A:A,">="&$C$4,Ledger!A:A,"<="&B6)) | O40: =IF(B40="","",C40+SUMIFS(Ledger!E:E,Ledger!B:B,B40,Ledger!A:A,">="&$C$4,Ledger!A:A,"<="&C6)) | P40: =IF(B40="","",C40+SUMIFS(Ledger!E:E,Ledger!B:B,B40,Ledger!A:A,">="&$C$4,Ledger!A:A,"<="&D6)) | Q40: =IF(B40="","",C40+SUMIFS(Ledger!E:E,Ledger!B:B,B40,Ledger!A:A,">="&$C$4,Ledger!A:A,"<="&E6)) | R40: =IF(B40="","",C40+SUMIFS(Ledger!E:E,Ledger!B:B,B40,Ledger!A:A,">="&$C$4,Ledger!A:A,"<="&F6)) | S40: =IF(B40="","",C40+SUMIFS(Ledger!E:E,Ledger!B:B,B40,Ledger!A:A,">="&$C$4,Ledger!A:A,"<="&G6)) | T40: =IF(B40="","",C40+SUMIFS(Ledger!E:E,Ledger!B:B,B40,Ledger!A:A,">="&$C$4,Ledger!A:A,"<="&H6)) | U40: =IF(B40="","",C40+SUMIFS(Ledger!E:E,Ledger!B:B,B40,Ledger!A:A,">="&$C$4,Ledger!A:A,"<="&I6)) | V40: =IF(B40="","",C40+SUMIFS(Ledger!E:E,Ledger!B:B,B40,Ledger!A:A,">="&$C$4,Ledger!A:A,"<="&J6)) | W40: =IF(B40="","",C40+SUMIFS(Ledger!E:E,Ledger!B:B,B40,Ledger!A:A,">="&$C$4,Ledger!A:A,"<="&K6)) | X40: =IF(B40="","",C40+SUMIFS(Ledger!E:E,Ledger!B:B,B40,Ledger!A:A,">="&$C$4,Ledger!A:A,"<="&L6)) | Y40: =IF(B40="","",C40+SUMIFS(Ledger!E:E,Ledger!B:B,B40,Ledger!A:A,">="&$C$4,Ledger!A:A,"<="&M6))
B41: =IF(Directors!A34<>"",Directors!A34,"") | C41: =IF(B41="","",IFERROR(INDEX(Directors!B:B,MATCH(B41,Directors!A:A,0)),0)+SUMIFS(Ledger!E:E,Ledger!B:B,B41,Ledger!A:A,"<"&$C$4)) | D41: =IF(B41="","",MAX(N41:Y41)) | E41: =IF(B41="","",AVERAGE(N41:Y41)) | F41: =IF(B41="","",IF(D41>=$F$5,E41*$F$4,0)) | G41: =IF(B41="","",-SUMIFS(Ledger!E:E,Ledger!B:B,B41,Ledger!C:C,"Interest paid by director",Ledger!A:A,">="&$C$4,Ledger!A:A,"<="&$C$5)) | H41: =IF(B41="","",MAX(0,F41-G41)) | N41: =IF(B41="","",C41+SUMIFS(Ledger!E:E,Ledger!B:B,B41,Ledger!A:A,">="&$C$4,Ledger!A:A,"<="&B6)) | O41: =IF(B41="","",C41+SUMIFS(Ledger!E:E,Ledger!B:B,B41,Ledger!A:A,">="&$C$4,Ledger!A:A,"<="&C6)) | P41: =IF(B41="","",C41+SUMIFS(Ledger!E:E,Ledger!B:B,B41,Ledger!A:A,">="&$C$4,Ledger!A:A,"<="&D6)) | Q41: =IF(B41="","",C41+SUMIFS(Ledger!E:E,Ledger!B:B,B41,Ledger!A:A,">="&$C$4,Ledger!A:A,"<="&E6)) | R41: =IF(B41="","",C41+SUMIFS(Ledger!E:E,Ledger!B:B,B41,Ledger!A:A,">="&$C$4,Ledger!A:A,"<="&F6)) | S41: =IF(B41="","",C41+SUMIFS(Ledger!E:E,Ledger!B:B,B41,Ledger!A:A,">="&$C$4,Ledger!A:A,"<="&G6)) | T41: =IF(B41="","",C41+SUMIFS(Ledger!E:E,Ledger!B:B,B41,Ledger!A:A,">="&$C$4,Ledger!A:A,"<="&H6)) | U41: =IF(B41="","",C41+SUMIFS(Ledger!E:E,Ledger!B:B,B41,Ledger!A:A,">="&$C$4,Ledger!A:A,"<="&I6)) | V41: =IF(B41="","",C41+SUMIFS(Ledger!E:E,Ledger!B:B,B41,Ledger!A:A,">="&$C$4,Ledger!A:A,"<="&J6)) | W41: =IF(B41="","",C41+SUMIFS(Ledger!E:E,Ledger!B:B,B41,Ledger!A:A,">="&$C$4,Ledger!A:A,"<="&K6)) | X41: =IF(B41="","",C41+SUMIFS(Ledger!E:E,Ledger!B:B,B41,Ledger!A:A,">="&$C$4,Ledger!A:A,"<="&L6)) | Y41: =IF(B41="","",C41+SUMIFS(Ledger!E:E,Ledger!B:B,B41,Ledger!A:A,">="&$C$4,Ledger!A:A,"<="&M6))
B42: =IF(Directors!A35<>"",Directors!A35,"") | C42: =IF(B42="","",IFERROR(INDEX(Directors!B:B,MATCH(B42,Directors!A:A,0)),0)+SUMIFS(Ledger!E:E,Ledger!B:B,B42,Ledger!A:A,"<"&$C$4)) | D42: =IF(B42="","",MAX(N42:Y42)) | E42: =IF(B42="","",AVERAGE(N42:Y42)) | F42: =IF(B42="","",IF(D42>=$F$5,E42*$F$4,0)) | G42: =IF(B42="","",-SUMIFS(Ledger!E:E,Ledger!B:B,B42,Ledger!C:C,"Interest paid by director",Ledger!A:A,">="&$C$4,Ledger!A:A,"<="&$C$5)) | H42: =IF(B42="","",MAX(0,F42-G42)) | N42: =IF(B42="","",C42+SUMIFS(Ledger!E:E,Ledger!B:B,B42,Ledger!A:A,">="&$C$4,Ledger!A:A,"<="&B6)) | O42: =IF(B42="","",C42+SUMIFS(Ledger!E:E,Ledger!B:B,B42,Ledger!A:A,">="&$C$4,Ledger!A:A,"<="&C6)) | P42: =IF(B42="","",C42+SUMIFS(Ledger!E:E,Ledger!B:B,B42,Ledger!A:A,">="&$C$4,Ledger!A:A,"<="&D6)) | Q42: =IF(B42="","",C42+SUMIFS(Ledger!E:E,Ledger!B:B,B42,Ledger!A:A,">="&$C$4,Ledger!A:A,"<="&E6)) | R42: =IF(B42="","",C42+SUMIFS(Ledger!E:E,Ledger!B:B,B42,Ledger!A:A,">="&$C$4,Ledger!A:A,"<="&F6)) | S42: =IF(B42="","",C42+SUMIFS(Ledger!E:E,Ledger!B:B,B42,Ledger!A:A,">="&$C$4,Ledger!A:A,"<="&G6)) | T42: =IF(B42="","",C42+SUMIFS(Ledger!E:E,Ledger!B:B,B42,Ledger!A:A,">="&$C$4,Ledger!A:A,"<="&H6)) | U42: =IF(B42="","",C42+SUMIFS(Ledger!E:E,Ledger!B:B,B42,Ledger!A:A,">="&$C$4,Ledger!A:A,"<="&I6)) | V42: =IF(B42="","",C42+SUMIFS(Ledger!E:E,Ledger!B:B,B42,Ledger!A:A,">="&$C$4,Ledger!A:A,"<="&J6)) | W42: =IF(B42="","",C42+SUMIFS(Ledger!E:E,Ledger!B:B,B42,Ledger!A:A,">="&$C$4,Ledger!A:A,"<="&K6)) | X42: =IF(B42="","",C42+SUMIFS(Ledger!E:E,Ledger!B:B,B42,Ledger!A:A,">="&$C$4,Ledger!A:A,"<="&L6)) | Y42: =IF(B42="","",C42+SUMIFS(Ledger!E:E,Ledger!B:B,B42,Ledger!A:A,">="&$C$4,Ledger!A:A,"<="&M6))
B43: =IF(Directors!A36<>"",Directors!A36,"") | C43: =IF(B43="","",IFERROR(INDEX(Directors!B:B,MATCH(B43,Directors!A:A,0)),0)+SUMIFS(Ledger!E:E,Ledger!B:B,B43,Ledger!A:A,"<"&$C$4)) | D43: =IF(B43="","",MAX(N43:Y43)) | E43: =IF(B43="","",AVERAGE(N43:Y43)) | F43: =IF(B43="","",IF(D43>=$F$5,E43*$F$4,0)) | G43: =IF(B43="","",-SUMIFS(Ledger!E:E,Ledger!B:B,B43,Ledger!C:C,"Interest paid by director",Ledger!A:A,">="&$C$4,Ledger!A:A,"<="&$C$5)) | H43: =IF(B43="","",MAX(0,F43-G43)) | N43: =IF(B43="","",C43+SUMIFS(Ledger!E:E,Ledger!B:B,B43,Ledger!A:A,">="&$C$4,Ledger!A:A,"<="&B6)) | O43: =IF(B43="","",C43+SUMIFS(Ledger!E:E,Ledger!B:B,B43,Ledger!A:A,">="&$C$4,Ledger!A:A,"<="&C6)) | P43: =IF(B43="","",C43+SUMIFS(Ledger!E:E,Ledger!B:B,B43,Ledger!A:A,">="&$C$4,Ledger!A:A,"<="&D6)) | Q43: =IF(B43="","",C43+SUMIFS(Ledger!E:E,Ledger!B:B,B43,Ledger!A:A,">="&$C$4,Ledger!A:A,"<="&E6)) | R43: =IF(B43="","",C43+SUMIFS(Ledger!E:E,Ledger!B:B,B43,Ledger!A:A,">="&$C$4,Ledger!A:A,"<="&F6)) | S43: =IF(B43="","",C43+SUMIFS(Ledger!E:E,Ledger!B:B,B43,Ledger!A:A,">="&$C$4,Ledger!A:A,"<="&G6)) | T43: =IF(B43="","",C43+SUMIFS(Ledger!E:E,Ledger!B:B,B43,Ledger!A:A,">="&$C$4,Ledger!A:A,"<="&H6)) | U43: =IF(B43="","",C43+SUMIFS(Ledger!E:E,Ledger!B:B,B43,Ledger!A:A,">="&$C$4,Ledger!A:A,"<="&I6)) | V43: =IF(B43="","",C43+SUMIFS(Ledger!E:E,Ledger!B:B,B43,Ledger!A:A,">="&$C$4,Ledger!A:A,"<="&J6)) | W43: =IF(B43="","",C43+SUMIFS(Ledger!E:E,Ledger!B:B,B43,Ledger!A:A,">="&$C$4,Ledger!A:A,"<="&K6)) | X43: =IF(B43="","",C43+SUMIFS(Ledger!E:E,Ledger!B:B,B43,Ledger!A:A,">="&$C$4,Ledger!A:A,"<="&L6)) | Y43: =IF(B43="","",C43+SUMIFS(Ledger!E:E,Ledger!B:B,B43,Ledger!A:A,">="&$C$4,Ledger!A:A,"<="&M6))
B44: =IF(Directors!A37<>"",Directors!A37,"") | C44: =IF(B44="","",IFERROR(INDEX(Directors!B:B,MATCH(B44,Directors!A:A,0)),0)+SUMIFS(Ledger!E:E,Ledger!B:B,B44,Ledger!A:A,"<"&$C$4)) | D44: =IF(B44="","",MAX(N44:Y44)) | E44: =IF(B44="","",AVERAGE(N44:Y44)) | F44: =IF(B44="","",IF(D44>=$F$5,E44*$F$4,0)) | G44: =IF(B44="","",-SUMIFS(Ledger!E:E,Ledger!B:B,B44,Ledger!C:C,"Interest paid by director",Ledger!A:A,">="&$C$4,Ledger!A:A,"<="&$C$5)) | H44: =IF(B44="","",MAX(0,F44-G44)) | N44: =IF(B44="","",C44+SUMIFS(Ledger!E:E,Ledger!B:B,B44,Ledger!A:A,">="&$C$4,Ledger!A:A,"<="&B6)) | O44: =IF(B44="","",C44+SUMIFS(Ledger!E:E,Ledger!B:B,B44,Ledger!A:A,">="&$C$4,Ledger!A:A,"<="&C6)) | P44: =IF(B44="","",C44+SUMIFS(Ledger!E:E,Ledger!B:B,B44,Ledger!A:A,">="&$C$4,Ledger!A:A,"<="&D6)) | Q44: =IF(B44="","",C44+SUMIFS(Ledger!E:E,Ledger!B:B,B44,Ledger!A:A,">="&$C$4,Ledger!A:A,"<="&E6)) | R44: =IF(B44="","",C44+SUMIFS(Ledger!E:E,Ledger!B:B,B44,Ledger!A:A,">="&$C$4,Ledger!A:A,"<="&F6)) | S44: =IF(B44="","",C44+SUMIFS(Ledger!E:E,Ledger!B:B,B44,Ledger!A:A,">="&$C$4,Ledger!A:A,"<="&G6)) | T44: =IF(B44="","",C44+SUMIFS(Ledger!E:E,Ledger!B:B,B44,Ledger!A:A,">="&$C$4,Ledger!A:A,"<="&H6)) | U44: =IF(B44="","",C44+SUMIFS(Ledger!E:E,Ledger!B:B,B44,Ledger!A:A,">="&$C$4,Ledger!A:A,"<="&I6)) | V44: =IF(B44="","",C44+SUMIFS(Ledger!E:E,Ledger!B:B,B44,Ledger!A:A,">="&$C$4,Ledger!A:A,"<="&J6)) | W44: =IF(B44="","",C44+SUMIFS(Ledger!E:E,Ledger!B:B,B44,Ledger!A:A,">="&$C$4,Ledger!A:A,"<="&K6)) | X44: =IF(B44="","",C44+SUMIFS(Ledger!E:E,Ledger!B:B,B44,Ledger!A:A,">="&$C$4,Ledger!A:A,"<="&L6)) | Y44: =IF(B44="","",C44+SUMIFS(Ledger!E:E,Ledger!B:B,B44,Ledger!A:A,">="&$C$4,Ledger!A:A,"<="&M6))
B45: =IF(Directors!A38<>"",Directors!A38,"") | C45: =IF(B45="","",IFERROR(INDEX(Directors!B:B,MATCH(B45,Directors!A:A,0)),0)+SUMIFS(Ledger!E:E,Ledger!B:B,B45,Ledger!A:A,"<"&$C$4)) | D45: =IF(B45="","",MAX(N45:Y45)) | E45: =IF(B45="","",AVERAGE(N45:Y45)) | F45: =IF(B45="","",IF(D45>=$F$5,E45*$F$4,0)) | G45: =IF(B45="","",-SUMIFS(Ledger!E:E,Ledger!B:B,B45,Ledger!C:C,"Interest paid by director",Ledger!A:A,">="&$C$4,Ledger!A:A,"<="&$C$5)) | H45: =IF(B45="","",MAX(0,F45-G45)) | N45: =IF(B45="","",C45+SUMIFS(Ledger!E:E,Ledger!B:B,B45,Ledger!A:A,">="&$C$4,Ledger!A:A,"<="&B6)) | O45: =IF(B45="","",C45+SUMIFS(Ledger!E:E,Ledger!B:B,B45,Ledger!A:A,">="&$C$4,Ledger!A:A,"<="&C6)) | P45: =IF(B45="","",C45+SUMIFS(Ledger!E:E,Ledger!B:B,B45,Ledger!A:A,">="&$C$4,Ledger!A:A,"<="&D6)) | Q45: =IF(B45="","",C45+SUMIFS(Ledger!E:E,Ledger!B:B,B45,Ledger!A:A,">="&$C$4,Ledger!A:A,"<="&E6)) | R45: =IF(B45="","",C45+SUMIFS(Ledger!E:E,Ledger!B:B,B45,Ledger!A:A,">="&$C$4,Ledger!A:A,"<="&F6)) | S45: =IF(B45="","",C45+SUMIFS(Ledger!E:E,Ledger!B:B,B45,Ledger!A:A,">="&$C$4,Ledger!A:A,"<="&G6)) | T45: =IF(B45="","",C45+SUMIFS(Ledger!E:E,Ledger!B:B,B45,Ledger!A:A,">="&$C$4,Ledger!A:A,"<="&H6)) | U45: =IF(B45="","",C45+SUMIFS(Ledger!E:E,Ledger!B:B,B45,Ledger!A:A,">="&$C$4,Ledger!A:A,"<="&I6)) | V45: =IF(B45="","",C45+SUMIFS(Ledger!E:E,Ledger!B:B,B45,Ledger!A:A,">="&$C$4,Ledger!A:A,"<="&J6)) | W45: =IF(B45="","",C45+SUMIFS(Ledger!E:E,Ledger!B:B,B45,Ledger!A:A,">="&$C$4,Ledger!A:A,"<="&K6)) | X45: =IF(B45="","",C45+SUMIFS(Ledger!E:E,Ledger!B:B,B45,Ledger!A:A,">="&$C$4,Ledger!A:A,"<="&L6)) | Y45: =IF(B45="","",C45+SUMIFS(Ledger!E:E,Ledger!B:B,B45,Ledger!A:A,">="&$C$4,Ledger!A:A,"<="&M6))
B46: =IF(Directors!A39<>"",Directors!A39,"") | C46: =IF(B46="","",IFERROR(INDEX(Directors!B:B,MATCH(B46,Directors!A:A,0)),0)+SUMIFS(Ledger!E:E,Ledger!B:B,B46,Ledger!A:A,"<"&$C$4)) | D46: =IF(B46="","",MAX(N46:Y46)) | E46: =IF(B46="","",AVERAGE(N46:Y46)) | F46: =IF(B46="","",IF(D46>=$F$5,E46*$F$4,0)) | G46: =IF(B46="","",-SUMIFS(Ledger!E:E,Ledger!B:B,B46,Ledger!C:C,"Interest paid by director",Ledger!A:A,">="&$C$4,Ledger!A:A,"<="&$C$5)) | H46: =IF(B46="","",MAX(0,F46-G46)) | N46: =IF(B46="","",C46+SUMIFS(Ledger!E:E,Ledger!B:B,B46,Ledger!A:A,">="&$C$4,Ledger!A:A,"<="&B6)) | O46: =IF(B46="","",C46+SUMIFS(Ledger!E:E,Ledger!B:B,B46,Ledger!A:A,">="&$C$4,Ledger!A:A,"<="&C6)) | P46: =IF(B46="","",C46+SUMIFS(Ledger!E:E,Ledger!B:B,B46,Ledger!A:A,">="&$C$4,Ledger!A:A,"<="&D6)) | Q46: =IF(B46="","",C46+SUMIFS(Ledger!E:E,Ledger!B:B,B46,Ledger!A:A,">="&$C$4,Ledger!A:A,"<="&E6)) | R46: =IF(B46="","",C46+SUMIFS(Ledger!E:E,Ledger!B:B,B46,Ledger!A:A,">="&$C$4,Ledger!A:A,"<="&F6)) | S46: =IF(B46="","",C46+SUMIFS(Ledger!E:E,Ledger!B:B,B46,Ledger!A:A,">="&$C$4,Ledger!A:A,"<="&G6)) | T46: =IF(B46="","",C46+SUMIFS(Ledger!E:E,Ledger!B:B,B46,Ledger!A:A,">="&$C$4,Ledger!A:A,"<="&H6)) | U46: =IF(B46="","",C46+SUMIFS(Ledger!E:E,Ledger!B:B,B46,Ledger!A:A,">="&$C$4,Ledger!A:A,"<="&I6)) | V46: =IF(B46="","",C46+SUMIFS(Ledger!E:E,Ledger!B:B,B46,Ledger!A:A,">="&$C$4,Ledger!A:A,"<="&J6)) | W46: =IF(B46="","",C46+SUMIFS(Ledger!E:E,Ledger!B:B,B46,Ledger!A:A,">="&$C$4,Ledger!A:A,"<="&K6)) | X46: =IF(B46="","",C46+SUMIFS(Ledger!E:E,Ledger!B:B,B46,Ledger!A:A,">="&$C$4,Ledger!A:A,"<="&L6)) | Y46: =IF(B46="","",C46+SUMIFS(Ledger!E:E,Ledger!B:B,B46,Ledger!A:A,">="&$C$4,Ledger!A:A,"<="&M6))
B47: =IF(Directors!A40<>"",Directors!A40,"") | C47: =IF(B47="","",IFERROR(INDEX(Directors!B:B,MATCH(B47,Directors!A:A,0)),0)+SUMIFS(Ledger!E:E,Ledger!B:B,B47,Ledger!A:A,"<"&$C$4)) | D47: =IF(B47="","",MAX(N47:Y47)) | E47: =IF(B47="","",AVERAGE(N47:Y47)) | F47: =IF(B47="","",IF(D47>=$F$5,E47*$F$4,0)) | G47: =IF(B47="","",-SUMIFS(Ledger!E:E,Ledger!B:B,B47,Ledger!C:C,"Interest paid by director",Ledger!A:A,">="&$C$4,Ledger!A:A,"<="&$C$5)) | H47: =IF(B47="","",MAX(0,F47-G47)) | N47: =IF(B47="","",C47+SUMIFS(Ledger!E:E,Ledger!B:B,B47,Ledger!A:A,">="&$C$4,Ledger!A:A,"<="&B6)) | O47: =IF(B47="","",C47+SUMIFS(Ledger!E:E,Ledger!B:B,B47,Ledger!A:A,">="&$C$4,Ledger!A:A,"<="&C6)) | P47: =IF(B47="","",C47+SUMIFS(Ledger!E:E,Ledger!B:B,B47,Ledger!A:A,">="&$C$4,Ledger!A:A,"<="&D6)) | Q47: =IF(B47="","",C47+SUMIFS(Ledger!E:E,Ledger!B:B,B47,Ledger!A:A,">="&$C$4,Ledger!A:A,"<="&E6)) | R47: =IF(B47="","",C47+SUMIFS(Ledger!E:E,Ledger!B:B,B47,Ledger!A:A,">="&$C$4,Ledger!A:A,"<="&F6)) | S47: =IF(B47="","",C47+SUMIFS(Ledger!E:E,Ledger!B:B,B47,Ledger!A:A,">="&$C$4,Ledger!A:A,"<="&G6)) | T47: =IF(B47="","",C47+SUMIFS(Ledger!E:E,Ledger!B:B,B47,Ledger!A:A,">="&$C$4,Ledger!A:A,"<="&H6)) | U47: =IF(B47="","",C47+SUMIFS(Ledger!E:E,Ledger!B:B,B47,Ledger!A:A,">="&$C$4,Ledger!A:A,"<="&I6)) | V47: =IF(B47="","",C47+SUMIFS(Ledger!E:E,Ledger!B:B,B47,Ledger!A:A,">="&$C$4,Ledger!A:A,"<="&J6)) | W47: =IF(B47="","",C47+SUMIFS(Ledger!E:E,Ledger!B:B,B47,Ledger!A:A,">="&$C$4,Ledger!A:A,"<="&K6)) | X47: =IF(B47="","",C47+SUMIFS(Ledger!E:E,Ledger!B:B,B47,Ledger!A:A,">="&$C$4,Ledger!A:A,"<="&L6)) | Y47: =IF(B47="","",C47+SUMIFS(Ledger!E:E,Ledger!B:B,B47,Ledger!A:A,">="&$C$4,Ledger!A:A,"<="&M6))
B48: =IF(Directors!A41<>"",Directors!A41,"") | C48: =IF(B48="","",IFERROR(INDEX(Directors!B:B,MATCH(B48,Directors!A:A,0)),0)+SUMIFS(Ledger!E:E,Ledger!B:B,B48,Ledger!A:A,"<"&$C$4)) | D48: =IF(B48="","",MAX(N48:Y48)) | E48: =IF(B48="","",AVERAGE(N48:Y48)) | F48: =IF(B48="","",IF(D48>=$F$5,E48*$F$4,0)) | G48: =IF(B48="","",-SUMIFS(Ledger!E:E,Ledger!B:B,B48,Ledger!C:C,"Interest paid by director",Ledger!A:A,">="&$C$4,Ledger!A:A,"<="&$C$5)) | H48: =IF(B48="","",MAX(0,F48-G48)) | N48: =IF(B48="","",C48+SUMIFS(Ledger!E:E,Ledger!B:B,B48,Ledger!A:A,">="&$C$4,Ledger!A:A,"<="&B6)) | O48: =IF(B48="","",C48+SUMIFS(Ledger!E:E,Ledger!B:B,B48,Ledger!A:A,">="&$C$4,Ledger!A:A,"<="&C6)) | P48: =IF(B48="","",C48+SUMIFS(Ledger!E:E,Ledger!B:B,B48,Ledger!A:A,">="&$C$4,Ledger!A:A,"<="&D6)) | Q48: =IF(B48="","",C48+SUMIFS(Ledger!E:E,Ledger!B:B,B48,Ledger!A:A,">="&$C$4,Ledger!A:A,"<="&E6)) | R48: =IF(B48="","",C48+SUMIFS(Ledger!E:E,Ledger!B:B,B48,Ledger!A:A,">="&$C$4,Ledger!A:A,"<="&F6)) | S48: =IF(B48="","",C48+SUMIFS(Ledger!E:E,Ledger!B:B,B48,Ledger!A:A,">="&$C$4,Ledger!A:A,"<="&G6)) | T48: =IF(B48="","",C48+SUMIFS(Ledger!E:E,Ledger!B:B,B48,Ledger!A:A,">="&$C$4,Ledger!A:A,"<="&H6)) | U48: =IF(B48="","",C48+SUMIFS(Ledger!E:E,Ledger!B:B,B48,Ledger!A:A,">="&$C$4,Ledger!A:A,"<="&I6)) | V48: =IF(B48="","",C48+SUMIFS(Ledger!E:E,Ledger!B:B,B48,Ledger!A:A,">="&$C$4,Ledger!A:A,"<="&J6)) | W48: =IF(B48="","",C48+SUMIFS(Ledger!E:E,Ledger!B:B,B48,Ledger!A:A,">="&$C$4,Ledger!A:A,"<="&K6)) | X48: =IF(B48="","",C48+SUMIFS(Ledger!E:E,Ledger!B:B,B48,Ledger!A:A,">="&$C$4,Ledger!A:A,"<="&L6)) | Y48: =IF(B48="","",C48+SUMIFS(Ledger!E:E,Ledger!B:B,B48,Ledger!A:A,">="&$C$4,Ledger!A:A,"<="&M6))
B49: =IF(Directors!A42<>"",Directors!A42,"") | C49: =IF(B49="","",IFERROR(INDEX(Directors!B:B,MATCH(B49,Directors!A:A,0)),0)+SUMIFS(Ledger!E:E,Ledger!B:B,B49,Ledger!A:A,"<"&$C$4)) | D49: =IF(B49="","",MAX(N49:Y49)) | E49: =IF(B49="","",AVERAGE(N49:Y49)) | F49: =IF(B49="","",IF(D49>=$F$5,E49*$F$4,0)) | G49: =IF(B49="","",-SUMIFS(Ledger!E:E,Ledger!B:B,B49,Ledger!C:C,"Interest paid by director",Ledger!A:A,">="&$C$4,Ledger!A:A,"<="&$C$5)) | H49: =IF(B49="","",MAX(0,F49-G49)) | N49: =IF(B49="","",C49+SUMIFS(Ledger!E:E,Ledger!B:B,B49,Ledger!A:A,">="&$C$4,Ledger!A:A,"<="&B6)) | O49: =IF(B49="","",C49+SUMIFS(Ledger!E:E,Ledger!B:B,B49,Ledger!A:A,">="&$C$4,Ledger!A:A,"<="&C6)) | P49: =IF(B49="","",C49+SUMIFS(Ledger!E:E,Ledger!B:B,B49,Ledger!A:A,">="&$C$4,Ledger!A:A,"<="&D6)) | Q49: =IF(B49="","",C49+SUMIFS(Ledger!E:E,Ledger!B:B,B49,Ledger!A:A,">="&$C$4,Ledger!A:A,"<="&E6)) | R49: =IF(B49="","",C49+SUMIFS(Ledger!E:E,Ledger!B:B,B49,Ledger!A:A,">="&$C$4,Ledger!A:A,"<="&F6)) | S49: =IF(B49="","",C49+SUMIFS(Ledger!E:E,Ledger!B:B,B49,Ledger!A:A,">="&$C$4,Ledger!A:A,"<="&G6)) | T49: =IF(B49="","",C49+SUMIFS(Ledger!E:E,Ledger!B:B,B49,Ledger!A:A,">="&$C$4,Ledger!A:A,"<="&H6)) | U49: =IF(B49="","",C49+SUMIFS(Ledger!E:E,Ledger!B:B,B49,Ledger!A:A,">="&$C$4,Ledger!A:A,"<="&I6)) | V49: =IF(B49="","",C49+SUMIFS(Ledger!E:E,Ledger!B:B,B49,Ledger!A:A,">="&$C$4,Ledger!A:A,"<="&J6)) | W49: =IF(B49="","",C49+SUMIFS(Ledger!E:E,Ledger!B:B,B49,Ledger!A:A,">="&$C$4,Ledger!A:A,"<="&K6)) | X49: =IF(B49="","",C49+SUMIFS(Ledger!E:E,Ledger!B:B,B49,Ledger!A:A,">="&$C$4,Ledger!A:A,"<="&L6)) | Y49: =IF(B49="","",C49+SUMIFS(Ledger!E:E,Ledger!B:B,B49,Ledger!A:A,">="&$C$4,Ledger!A:A,"<="&M6))
B50: =IF(Directors!A43<>"",Directors!A43,"") | C50: =IF(B50="","",IFERROR(INDEX(Directors!B:B,MATCH(B50,Directors!A:A,0)),0)+SUMIFS(Ledger!E:E,Ledger!B:B,B50,Ledger!A:A,"<"&$C$4)) | D50: =IF(B50="","",MAX(N50:Y50)) | E50: =IF(B50="","",AVERAGE(N50:Y50)) | F50: =IF(B50="","",IF(D50>=$F$5,E50*$F$4,0)) | G50: =IF(B50="","",-SUMIFS(Ledger!E:E,Ledger!B:B,B50,Ledger!C:C,"Interest paid by director",Ledger!A:A,">="&$C$4,Ledger!A:A,"<="&$C$5)) | H50: =IF(B50="","",MAX(0,F50-G50)) | N50: =IF(B50="","",C50+SUMIFS(Ledger!E:E,Ledger!B:B,B50,Ledger!A:A,">="&$C$4,Ledger!A:A,"<="&B6)) | O50: =IF(B50="","",C50+SUMIFS(Ledger!E:E,Ledger!B:B,B50,Ledger!A:A,">="&$C$4,Ledger!A:A,"<="&C6)) | P50: =IF(B50="","",C50+SUMIFS(Ledger!E:E,Ledger!B:B,B50,Ledger!A:A,">="&$C$4,Ledger!A:A,"<="&D6)) | Q50: =IF(B50="","",C50+SUMIFS(Ledger!E:E,Ledger!B:B,B50,Ledger!A:A,">="&$C$4,Ledger!A:A,"<="&E6)) | R50: =IF(B50="","",C50+SUMIFS(Ledger!E:E,Ledger!B:B,B50,Ledger!A:A,">="&$C$4,Ledger!A:A,"<="&F6)) | S50: =IF(B50="","",C50+SUMIFS(Ledger!E:E,Ledger!B:B,B50,Ledger!A:A,">="&$C$4,Ledger!A:A,"<="&G6)) | T50: =IF(B50="","",C50+SUMIFS(Ledger!E:E,Ledger!B:B,B50,Ledger!A:A,">="&$C$4,Ledger!A:A,"<="&H6)) | U50: =IF(B50="","",C50+SUMIFS(Ledger!E:E,Ledger!B:B,B50,Ledger!A:A,">="&$C$4,Ledger!A:A,"<="&I6)) | V50: =IF(B50="","",C50+SUMIFS(Ledger!E:E,Ledger!B:B,B50,Ledger!A:A,">="&$C$4,Ledger!A:A,"<="&J6)) | W50: =IF(B50="","",C50+SUMIFS(Ledger!E:E,Ledger!B:B,B50,Ledger!A:A,">="&$C$4,Ledger!A:A,"<="&K6)) | X50: =IF(B50="","",C50+SUMIFS(Ledger!E:E,Ledger!B:B,B50,Ledger!A:A,">="&$C$4,Ledger!A:A,"<="&L6)) | Y50: =IF(B50="","",C50+SUMIFS(Ledger!E:E,Ledger!B:B,B50,Ledger!A:A,">="&$C$4,Ledger!A:A,"<="&M6))
B51: =IF(Directors!A44<>"",Directors!A44,"") | C51: =IF(B51="","",IFERROR(INDEX(Directors!B:B,MATCH(B51,Directors!A:A,0)),0)+SUMIFS(Ledger!E:E,Ledger!B:B,B51,Ledger!A:A,"<"&$C$4)) | D51: =IF(B51="","",MAX(N51:Y51)) | E51: =IF(B51="","",AVERAGE(N51:Y51)) | F51: =IF(B51="","",IF(D51>=$F$5,E51*$F$4,0)) | G51: =IF(B51="","",-SUMIFS(Ledger!E:E,Ledger!B:B,B51,Ledger!C:C,"Interest paid by director",Ledger!A:A,">="&$C$4,Ledger!A:A,"<="&$C$5)) | H51: =IF(B51="","",MAX(0,F51-G51)) | N51: =IF(B51="","",C51+SUMIFS(Ledger!E:E,Ledger!B:B,B51,Ledger!A:A,">="&$C$4,Ledger!A:A,"<="&B6)) | O51: =IF(B51="","",C51+SUMIFS(Ledger!E:E,Ledger!B:B,B51,Ledger!A:A,">="&$C$4,Ledger!A:A,"<="&C6)) | P51: =IF(B51="","",C51+SUMIFS(Ledger!E:E,Ledger!B:B,B51,Ledger!A:A,">="&$C$4,Ledger!A:A,"<="&D6)) | Q51: =IF(B51="","",C51+SUMIFS(Ledger!E:E,Ledger!B:B,B51,Ledger!A:A,">="&$C$4,Ledger!A:A,"<="&E6)) | R51: =IF(B51="","",C51+SUMIFS(Ledger!E:E,Ledger!B:B,B51,Ledger!A:A,">="&$C$4,Ledger!A:A,"<="&F6)) | S51: =IF(B51="","",C51+SUMIFS(Ledger!E:E,Ledger!B:B,B51,Ledger!A:A,">="&$C$4,Ledger!A:A,"<="&G6)) | T51: =IF(B51="","",C51+SUMIFS(Ledger!E:E,Ledger!B:B,B51,Ledger!A:A,">="&$C$4,Ledger!A:A,"<="&H6)) | U51: =IF(B51="","",C51+SUMIFS(Ledger!E:E,Ledger!B:B,B51,Ledger!A:A,">="&$C$4,Ledger!A:A,"<="&I6)) | V51: =IF(B51="","",C51+SUMIFS(Ledger!E:E,Ledger!B:B,B51,Ledger!A:A,">="&$C$4,Ledger!A:A,"<="&J6)) | W51: =IF(B51="","",C51+SUMIFS(Ledger!E:E,Ledger!B:B,B51,Ledger!A:A,">="&$C$4,Ledger!A:A,"<="&K6)) | X51: =IF(B51="","",C51+SUMIFS(Ledger!E:E,Ledger!B:B,B51,Ledger!A:A,">="&$C$4,Ledger!A:A,"<="&L6)) | Y51: =IF(B51="","",C51+SUMIFS(Ledger!E:E,Ledger!B:B,B51,Ledger!A:A,">="&$C$4,Ledger!A:A,"<="&M6))
B52: =IF(Directors!A45<>"",Directors!A45,"") | C52: =IF(B52="","",IFERROR(INDEX(Directors!B:B,MATCH(B52,Directors!A:A,0)),0)+SUMIFS(Ledger!E:E,Ledger!B:B,B52,Ledger!A:A,"<"&$C$4)) | D52: =IF(B52="","",MAX(N52:Y52)) | E52: =IF(B52="","",AVERAGE(N52:Y52)) | F52: =IF(B52="","",IF(D52>=$F$5,E52*$F$4,0)) | G52: =IF(B52="","",-SUMIFS(Ledger!E:E,Ledger!B:B,B52,Ledger!C:C,"Interest paid by director",Ledger!A:A,">="&$C$4,Ledger!A:A,"<="&$C$5)) | H52: =IF(B52="","",MAX(0,F52-G52)) | N52: =IF(B52="","",C52+SUMIFS(Ledger!E:E,Ledger!B:B,B52,Ledger!A:A,">="&$C$4,Ledger!A:A,"<="&B6)) | O52: =IF(B52="","",C52+SUMIFS(Ledger!E:E,Ledger!B:B,B52,Ledger!A:A,">="&$C$4,Ledger!A:A,"<="&C6)) | P52: =IF(B52="","",C52+SUMIFS(Ledger!E:E,Ledger!B:B,B52,Ledger!A:A,">="&$C$4,Ledger!A:A,"<="&D6)) | Q52: =IF(B52="","",C52+SUMIFS(Ledger!E:E,Ledger!B:B,B52,Ledger!A:A,">="&$C$4,Ledger!A:A,"<="&E6)) | R52: =IF(B52="","",C52+SUMIFS(Ledger!E:E,Ledger!B:B,B52,Ledger!A:A,">="&$C$4,Ledger!A:A,"<="&F6)) | S52: =IF(B52="","",C52+SUMIFS(Ledger!E:E,Ledger!B:B,B52,Ledger!A:A,">="&$C$4,Ledger!A:A,"<="&G6)) | T52: =IF(B52="","",C52+SUMIFS(Ledger!E:E,Ledger!B:B,B52,Ledger!A:A,">="&$C$4,Ledger!A:A,"<="&H6)) | U52: =IF(B52="","",C52+SUMIFS(Ledger!E:E,Ledger!B:B,B52,Ledger!A:A,">="&$C$4,Ledger!A:A,"<="&I6)) | V52: =IF(B52="","",C52+SUMIFS(Ledger!E:E,Ledger!B:B,B52,Ledger!A:A,">="&$C$4,Ledger!A:A,"<="&J6)) | W52: =IF(B52="","",C52+SUMIFS(Ledger!E:E,Ledger!B:B,B52,Ledger!A:A,">="&$C$4,Ledger!A:A,"<="&K6)) | X52: =IF(B52="","",C52+SUMIFS(Ledger!E:E,Ledger!B:B,B52,Ledger!A:A,">="&$C$4,Ledger!A:A,"<="&L6)) | Y52: =IF(B52="","",C52+SUMIFS(Ledger!E:E,Ledger!B:B,B52,Ledger!A:A,">="&$C$4,Ledger!A:A,"<="&M6))
B53: =IF(Directors!A46<>"",Directors!A46,"") | C53: =IF(B53="","",IFERROR(INDEX(Directors!B:B,MATCH(B53,Directors!A:A,0)),0)+SUMIFS(Ledger!E:E,Ledger!B:B,B53,Ledger!A:A,"<"&$C$4)) | D53: =IF(B53="","",MAX(N53:Y53)) | E53: =IF(B53="","",AVERAGE(N53:Y53)) | F53: =IF(B53="","",IF(D53>=$F$5,E53*$F$4,0)) | G53: =IF(B53="","",-SUMIFS(Ledger!E:E,Ledger!B:B,B53,Ledger!C:C,"Interest paid by director",Ledger!A:A,">="&$C$4,Ledger!A:A,"<="&$C$5)) | H53: =IF(B53="","",MAX(0,F53-G53)) | N53: =IF(B53="","",C53+SUMIFS(Ledger!E:E,Ledger!B:B,B53,Ledger!A:A,">="&$C$4,Ledger!A:A,"<="&B6)) | O53: =IF(B53="","",C53+SUMIFS(Ledger!E:E,Ledger!B:B,B53,Ledger!A:A,">="&$C$4,Ledger!A:A,"<="&C6)) | P53: =IF(B53="","",C53+SUMIFS(Ledger!E:E,Ledger!B:B,B53,Ledger!A:A,">="&$C$4,Ledger!A:A,"<="&D6)) | Q53: =IF(B53="","",C53+SUMIFS(Ledger!E:E,Ledger!B:B,B53,Ledger!A:A,">="&$C$4,Ledger!A:A,"<="&E6)) | R53: =IF(B53="","",C53+SUMIFS(Ledger!E:E,Ledger!B:B,B53,Ledger!A:A,">="&$C$4,Ledger!A:A,"<="&F6)) | S53: =IF(B53="","",C53+SUMIFS(Ledger!E:E,Ledger!B:B,B53,Ledger!A:A,">="&$C$4,Ledger!A:A,"<="&G6)) | T53: =IF(B53="","",C53+SUMIFS(Ledger!E:E,Ledger!B:B,B53,Ledger!A:A,">="&$C$4,Ledger!A:A,"<="&H6)) | U53: =IF(B53="","",C53+SUMIFS(Ledger!E:E,Ledger!B:B,B53,Ledger!A:A,">="&$C$4,Ledger!A:A,"<="&I6)) | V53: =IF(B53="","",C53+SUMIFS(Ledger!E:E,Ledger!B:B,B53,Ledger!A:A,">="&$C$4,Ledger!A:A,"<="&J6)) | W53: =IF(B53="","",C53+SUMIFS(Ledger!E:E,Ledger!B:B,B53,Ledger!A:A,">="&$C$4,Ledger!A:A,"<="&K6)) | X53: =IF(B53="","",C53+SUMIFS(Ledger!E:E,Ledger!B:B,B53,Ledger!A:A,">="&$C$4,Ledger!A:A,"<="&L6)) | Y53: =IF(B53="","",C53+SUMIFS(Ledger!E:E,Ledger!B:B,B53,Ledger!A:A,">="&$C$4,Ledger!A:A,"<="&M6))
B54: =IF(Directors!A47<>"",Directors!A47,"") | C54: =IF(B54="","",IFERROR(INDEX(Directors!B:B,MATCH(B54,Directors!A:A,0)),0)+SUMIFS(Ledger!E:E,Ledger!B:B,B54,Ledger!A:A,"<"&$C$4)) | D54: =IF(B54="","",MAX(N54:Y54)) | E54: =IF(B54="","",AVERAGE(N54:Y54)) | F54: =IF(B54="","",IF(D54>=$F$5,E54*$F$4,0)) | G54: =IF(B54="","",-SUMIFS(Ledger!E:E,Ledger!B:B,B54,Ledger!C:C,"Interest paid by director",Ledger!A:A,">="&$C$4,Ledger!A:A,"<="&$C$5)) | H54: =IF(B54="","",MAX(0,F54-G54)) | N54: =IF(B54="","",C54+SUMIFS(Ledger!E:E,Ledger!B:B,B54,Ledger!A:A,">="&$C$4,Ledger!A:A,"<="&B6)) | O54: =IF(B54="","",C54+SUMIFS(Ledger!E:E,Ledger!B:B,B54,Ledger!A:A,">="&$C$4,Ledger!A:A,"<="&C6)) | P54: =IF(B54="","",C54+SUMIFS(Ledger!E:E,Ledger!B:B,B54,Ledger!A:A,">="&$C$4,Ledger!A:A,"<="&D6)) | Q54: =IF(B54="","",C54+SUMIFS(Ledger!E:E,Ledger!B:B,B54,Ledger!A:A,">="&$C$4,Ledger!A:A,"<="&E6)) | R54: =IF(B54="","",C54+SUMIFS(Ledger!E:E,Ledger!B:B,B54,Ledger!A:A,">="&$C$4,Ledger!A:A,"<="&F6)) | S54: =IF(B54="","",C54+SUMIFS(Ledger!E:E,Ledger!B:B,B54,Ledger!A:A,">="&$C$4,Ledger!A:A,"<="&G6)) | T54: =IF(B54="","",C54+SUMIFS(Ledger!E:E,Ledger!B:B,B54,Ledger!A:A,">="&$C$4,Ledger!A:A,"<="&H6)) | U54: =IF(B54="","",C54+SUMIFS(Ledger!E:E,Ledger!B:B,B54,Ledger!A:A,">="&$C$4,Ledger!A:A,"<="&I6)) | V54: =IF(B54="","",C54+SUMIFS(Ledger!E:E,Ledger!B:B,B54,Ledger!A:A,">="&$C$4,Ledger!A:A,"<="&J6)) | W54: =IF(B54="","",C54+SUMIFS(Ledger!E:E,Ledger!B:B,B54,Ledger!A:A,">="&$C$4,Ledger!A:A,"<="&K6)) | X54: =IF(B54="","",C54+SUMIFS(Ledger!E:E,Ledger!B:B,B54,Ledger!A:A,">="&$C$4,Ledger!A:A,"<="&L6)) | Y54: =IF(B54="","",C54+SUMIFS(Ledger!E:E,Ledger!B:B,B54,Ledger!A:A,">="&$C$4,Ledger!A:A,"<="&M6))
B55: =IF(Directors!A48<>"",Directors!A48,"") | C55: =IF(B55="","",IFERROR(INDEX(Directors!B:B,MATCH(B55,Directors!A:A,0)),0)+SUMIFS(Ledger!E:E,Ledger!B:B,B55,Ledger!A:A,"<"&$C$4)) | D55: =IF(B55="","",MAX(N55:Y55)) | E55: =IF(B55="","",AVERAGE(N55:Y55)) | F55: =IF(B55="","",IF(D55>=$F$5,E55*$F$4,0)) | G55: =IF(B55="","",-SUMIFS(Ledger!E:E,Ledger!B:B,B55,Ledger!C:C,"Interest paid by director",Ledger!A:A,">="&$C$4,Ledger!A:A,"<="&$C$5)) | H55: =IF(B55="","",MAX(0,F55-G55)) | N55: =IF(B55="","",C55+SUMIFS(Ledger!E:E,Ledger!B:B,B55,Ledger!A:A,">="&$C$4,Ledger!A:A,"<="&B6)) | O55: =IF(B55="","",C55+SUMIFS(Ledger!E:E,Ledger!B:B,B55,Ledger!A:A,">="&$C$4,Ledger!A:A,"<="&C6)) | P55: =IF(B55="","",C55+SUMIFS(Ledger!E:E,Ledger!B:B,B55,Ledger!A:A,">="&$C$4,Ledger!A:A,"<="&D6)) | Q55: =IF(B55="","",C55+SUMIFS(Ledger!E:E,Ledger!B:B,B55,Ledger!A:A,">="&$C$4,Ledger!A:A,"<="&E6)) | R55: =IF(B55="","",C55+SUMIFS(Ledger!E:E,Ledger!B:B,B55,Ledger!A:A,">="&$C$4,Ledger!A:A,"<="&F6)) | S55: =IF(B55="","",C55+SUMIFS(Ledger!E:E,Ledger!B:B,B55,Ledger!A:A,">="&$C$4,Ledger!A:A,"<="&G6)) | T55: =IF(B55="","",C55+SUMIFS(Ledger!E:E,Ledger!B:B,B55,Ledger!A:A,">="&$C$4,Ledger!A:A,"<="&H6)) | U55: =IF(B55="","",C55+SUMIFS(Ledger!E:E,Ledger!B:B,B55,Ledger!A:A,">="&$C$4,Ledger!A:A,"<="&I6)) | V55: =IF(B55="","",C55+SUMIFS(Ledger!E:E,Ledger!B:B,B55,Ledger!A:A,">="&$C$4,Ledger!A:A,"<="&J6)) | W55: =IF(B55="","",C55+SUMIFS(Ledger!E:E,Ledger!B:B,B55,Ledger!A:A,">="&$C$4,Ledger!A:A,"<="&K6)) | X55: =IF(B55="","",C55+SUMIFS(Ledger!E:E,Ledger!B:B,B55,Ledger!A:A,">="&$C$4,Ledger!A:A,"<="&L6)) | Y55: =IF(B55="","",C55+SUMIFS(Ledger!E:E,Ledger!B:B,B55,Ledger!A:A,">="&$C$4,Ledger!A:A,"<="&M6))
B56: =IF(Directors!A49<>"",Directors!A49,"") | C56: =IF(B56="","",IFERROR(INDEX(Directors!B:B,MATCH(B56,Directors!A:A,0)),0)+SUMIFS(Ledger!E:E,Ledger!B:B,B56,Ledger!A:A,"<"&$C$4)) | D56: =IF(B56="","",MAX(N56:Y56)) | E56: =IF(B56="","",AVERAGE(N56:Y56)) | F56: =IF(B56="","",IF(D56>=$F$5,E56*$F$4,0)) | G56: =IF(B56="","",-SUMIFS(Ledger!E:E,Ledger!B:B,B56,Ledger!C:C,"Interest paid by director",Ledger!A:A,">="&$C$4,Ledger!A:A,"<="&$C$5)) | H56: =IF(B56="","",MAX(0,F56-G56)) | N56: =IF(B56="","",C56+SUMIFS(Ledger!E:E,Ledger!B:B,B56,Ledger!A:A,">="&$C$4,Ledger!A:A,"<="&B6)) | O56: =IF(B56="","",C56+SUMIFS(Ledger!E:E,Ledger!B:B,B56,Ledger!A:A,">="&$C$4,Ledger!A:A,"<="&C6)) | P56: =IF(B56="","",C56+SUMIFS(Ledger!E:E,Ledger!B:B,B56,Ledger!A:A,">="&$C$4,Ledger!A:A,"<="&D6)) | Q56: =IF(B56="","",C56+SUMIFS(Ledger!E:E,Ledger!B:B,B56,Ledger!A:A,">="&$C$4,Ledger!A:A,"<="&E6)) | R56: =IF(B56="","",C56+SUMIFS(Ledger!E:E,Ledger!B:B,B56,Ledger!A:A,">="&$C$4,Ledger!A:A,"<="&F6)) | S56: =IF(B56="","",C56+SUMIFS(Ledger!E:E,Ledger!B:B,B56,Ledger!A:A,">="&$C$4,Ledger!A:A,"<="&G6)) | T56: =IF(B56="","",C56+SUMIFS(Ledger!E:E,Ledger!B:B,B56,Ledger!A:A,">="&$C$4,Ledger!A:A,"<="&H6)) | U56: =IF(B56="","",C56+SUMIFS(Ledger!E:E,Ledger!B:B,B56,Ledger!A:A,">="&$C$4,Ledger!A:A,"<="&I6)) | V56: =IF(B56="","",C56+SUMIFS(Ledger!E:E,Ledger!B:B,B56,Ledger!A:A,">="&$C$4,Ledger!A:A,"<="&J6)) | W56: =IF(B56="","",C56+SUMIFS(Ledger!E:E,Ledger!B:B,B56,Ledger!A:A,">="&$C$4,Ledger!A:A,"<="&K6)) | X56: =IF(B56="","",C56+SUMIFS(Ledger!E:E,Ledger!B:B,B56,Ledger!A:A,">="&$C$4,Ledger!A:A,"<="&L6)) | Y56: =IF(B56="","",C56+SUMIFS(Ledger!E:E,Ledger!B:B,B56,Ledger!A:A,">="&$C$4,Ledger!A:A,"<="&M6))
B57: =IF(Directors!A50<>"",Directors!A50,"") | C57: =IF(B57="","",IFERROR(INDEX(Directors!B:B,MATCH(B57,Directors!A:A,0)),0)+SUMIFS(Ledger!E:E,Ledger!B:B,B57,Ledger!A:A,"<"&$C$4)) | D57: =IF(B57="","",MAX(N57:Y57)) | E57: =IF(B57="","",AVERAGE(N57:Y57)) | F57: =IF(B57="","",IF(D57>=$F$5,E57*$F$4,0)) | G57: =IF(B57="","",-SUMIFS(Ledger!E:E,Ledger!B:B,B57,Ledger!C:C,"Interest paid by director",Ledger!A:A,">="&$C$4,Ledger!A:A,"<="&$C$5)) | H57: =IF(B57="","",MAX(0,F57-G57)) | N57: =IF(B57="","",C57+SUMIFS(Ledger!E:E,Ledger!B:B,B57,Ledger!A:A,">="&$C$4,Ledger!A:A,"<="&B6)) | O57: =IF(B57="","",C57+SUMIFS(Ledger!E:E,Ledger!B:B,B57,Ledger!A:A,">="&$C$4,Ledger!A:A,"<="&C6)) | P57: =IF(B57="","",C57+SUMIFS(Ledger!E:E,Ledger!B:B,B57,Ledger!A:A,">="&$C$4,Ledger!A:A,"<="&D6)) | Q57: =IF(B57="","",C57+SUMIFS(Ledger!E:E,Ledger!B:B,B57,Ledger!A:A,">="&$C$4,Ledger!A:A,"<="&E6)) | R57: =IF(B57="","",C57+SUMIFS(Ledger!E:E,Ledger!B:B,B57,Ledger!A:A,">="&$C$4,Ledger!A:A,"<="&F6)) | S57: =IF(B57="","",C57+SUMIFS(Ledger!E:E,Ledger!B:B,B57,Ledger!A:A,">="&$C$4,Ledger!A:A,"<="&G6)) | T57: =IF(B57="","",C57+SUMIFS(Ledger!E:E,Ledger!B:B,B57,Ledger!A:A,">="&$C$4,Ledger!A:A,"<="&H6)) | U57: =IF(B57="","",C57+SUMIFS(Ledger!E:E,Ledger!B:B,B57,Ledger!A:A,">="&$C$4,Ledger!A:A,"<="&I6)) | V57: =IF(B57="","",C57+SUMIFS(Ledger!E:E,Ledger!B:B,B57,Ledger!A:A,">="&$C$4,Ledger!A:A,"<="&J6)) | W57: =IF(B57="","",C57+SUMIFS(Ledger!E:E,Ledger!B:B,B57,Ledger!A:A,">="&$C$4,Ledger!A:A,"<="&K6)) | X57: =IF(B57="","",C57+SUMIFS(Ledger!E:E,Ledger!B:B,B57,Ledger!A:A,">="&$C$4,Ledger!A:A,"<="&L6)) | Y57: =IF(B57="","",C57+SUMIFS(Ledger!E:E,Ledger!B:B,B57,Ledger!A:A,">="&$C$4,Ledger!A:A,"<="&M6))
B58: =IF(Directors!A51<>"",Directors!A51,"") | C58: =IF(B58="","",IFERROR(INDEX(Directors!B:B,MATCH(B58,Directors!A:A,0)),0)+SUMIFS(Ledger!E:E,Ledger!B:B,B58,Ledger!A:A,"<"&$C$4)) | D58: =IF(B58="","",MAX(N58:Y58)) | E58: =IF(B58="","",AVERAGE(N58:Y58)) | F58: =IF(B58="","",IF(D58>=$F$5,E58*$F$4,0)) | G58: =IF(B58="","",-SUMIFS(Ledger!E:E,Ledger!B:B,B58,Ledger!C:C,"Interest paid by director",Ledger!A:A,">="&$C$4,Ledger!A:A,"<="&$C$5)) | H58: =IF(B58="","",MAX(0,F58-G58)) | N58: =IF(B58="","",C58+SUMIFS(Ledger!E:E,Ledger!B:B,B58,Ledger!A:A,">="&$C$4,Ledger!A:A,"<="&B6)) | O58: =IF(B58="","",C58+SUMIFS(Ledger!E:E,Ledger!B:B,B58,Ledger!A:A,">="&$C$4,Ledger!A:A,"<="&C6)) | P58: =IF(B58="","",C58+SUMIFS(Ledger!E:E,Ledger!B:B,B58,Ledger!A:A,">="&$C$4,Ledger!A:A,"<="&D6)) | Q58: =IF(B58="","",C58+SUMIFS(Ledger!E:E,Ledger!B:B,B58,Ledger!A:A,">="&$C$4,Ledger!A:A,"<="&E6)) | R58: =IF(B58="","",C58+SUMIFS(Ledger!E:E,Ledger!B:B,B58,Ledger!A:A,">="&$C$4,Ledger!A:A,"<="&F6)) | S58: =IF(B58="","",C58+SUMIFS(Ledger!E:E,Ledger!B:B,B58,Ledger!A:A,">="&$C$4,Ledger!A:A,"<="&G6)) | T58: =IF(B58="","",C58+SUMIFS(Ledger!E:E,Ledger!B:B,B58,Ledger!A:A,">="&$C$4,Ledger!A:A,"<="&H6)) | U58: =IF(B58="","",C58+SUMIFS(Ledger!E:E,Ledger!B:B,B58,Ledger!A:A,">="&$C$4,Ledger!A:A,"<="&I6)) | V58: =IF(B58="","",C58+SUMIFS(Ledger!E:E,Ledger!B:B,B58,Ledger!A:A,">="&$C$4,Ledger!A:A,"<="&J6)) | W58: =IF(B58="","",C58+SUMIFS(Ledger!E:E,Ledger!B:B,B58,Ledger!A:A,">="&$C$4,Ledger!A:A,"<="&K6)) | X58: =IF(B58="","",C58+SUMIFS(Ledger!E:E,Ledger!B:B,B58,Ledger!A:A,">="&$C$4,Ledger!A:A,"<="&L6)) | Y58: =IF(B58="","",C58+SUMIFS(Ledger!E:E,Ledger!B:B,B58,Ledger!A:A,">="&$C$4,Ledger!A:A,"<="&M6))
B59: TOTALS | C59: =SUM(C9:C58) | D59: =SUM(D9:D58) | E59: =SUM(E9:E58) | F59: =SUM(F9:F58) | G59: =SUM(G9:G58) | H59: =SUM(H9:H58)
